 Dungeon Crawl Stone Soup version 0.30-a0-637-gacddeb6d44 (webtiles) character file.

Game seed: 13817574787582423653

1248062 Crownlay the Petrodigitator (level 27, 0/199 HPs)
             Began as a Gargoyle Earth Elementalist on Jan 8, 2023.
             Was the Champion of Vehumet.
             Killed by an exploding ball lightning (14 damage)
             ... in Pandemonium on Jan 15, 2023.
             The game lasted 11:28:48 (137609 turns).

Crownlay the Petrodigitator (GrEE)                Turns: 137609, Time: 11:28:48

Health: 0/199      AC: 44    Str: 15    XL:     27
Magic:  2/63       EV: 18    Int: 30    God:    Vehumet [******]
Gold:   6112       SH: 18    Dex: 14    Spells: 28/80 levels left

rFire   + + +      SeeInvis +    R - +6 morningstar of Luxury {freeze, *Rage rF+ Will+++ SInv}
rCold   + + .      Faith    .    B - +5 kite shield {reflect}
rNeg    + + .      Spirit   .    l - +6 faerie dragon scales {rCorr Int+4}
rPois   ∞          Reflect  +    Q - -2 hat of the Alchemist {rElec rPois rF+ rC+ rN+ Will+ rMut rCorr}
rElec   +          Harm     .    S - +0 cloak of the Eleven Tables {rPois Stlth+}
rCorr   +          Rampage  .    f - +2 pair of gloves {Str+3}
rMut    +          Clarity  +    b - +2 pair of boots
Will    +++++                    D - amulet of magic regeneration
Stlth   +++++++++                i - ring of wizardry
HPRegen 0.53/turn                h - ring of Toggaa {rF+ MP+9}
MPRegen 0.78/turn

@: flying, studying 4 skills, unable to read
A: sickness immunity, AC +20, big wings, negative energy resistance 1,
electricity resistance, torment resistance 1, petrification resistance, agile 1,
clarity, cold resistance 1, dopey 1, strong-willed 1
}: 13/15 runes: serpentine, barnacled, slimy, silver, iron, obsidian, icy, bone,
abyssal, demonic, glowing, fiery, dark
a: Renounce Religion


You were in Pandemonium.
You worshipped Vehumet.
Vehumet was exalted by your worship.
You visited 17 branches of the dungeon, and saw 81 of its levels.
You visited Pandemonium 1 time, and saw 15 of its levels.
You visited the Abyss 7 times.
You visited 1 bazaar.
You also visited: Trove, Ice Cave and Wizlab.

You collected 14510 gold pieces.
You spent 8398 gold pieces at shops.

Inventory:

Hand Weapons
 p - the +6 sword of Cerebov {flame}
   (You took it off Cerebov in Pandemonium)
 v - the +5 broad axe of the Poles {freeze, rC+ Will+++ Str-4}
   (You took it off a deep elf elementalist on level 3 of the Elven Halls)

   Str:       It affects your strength (-4).
   rC:        It protects you from cold.
   Will:      It greatly increases your willpower.
 R - the +6 morningstar of Luxury (weapon) {freeze, *Rage rF+ Will+++ SInv}
   (You bought it in a shop on level 2 of the Orcish Mines)

   rF:        It protects you from fire.
   SInv:      It lets you see invisible.
   *Rage:     It berserks you when you make melee attacks (+20% chance).
   Will:      It greatly increases your willpower.
 X - the +4 staff of Dispater
   (You took it off Dispater on level 7 of the Iron City of Dis)

   It can be evoked to hurl damnation at the cost of health and magic, with
   strength depending on Evocations skill.
Armour
 b - a +2 pair of boots (worn)
 f - a +2 pair of gloves of strength (worn)
 l - the +6 faerie dragon scales (worn) {rCorr Int+4}
   (You took it off the Enchantress on level 2 of the Depths)

   Int:       It affects your intelligence (+4).
   rCorr:     It protects you from acid and corrosion.
 o - a +5 kite shield of cold resistance
 B - a +5 kite shield of reflection (worn)
 L - the +3 hat of Pondering {ponderous, Will+ MP+10 Int+5}
   (You found it on level 2 of the Vaults)

   Int:       It affects your intelligence (+5).
   MP:        It affects your magic capacity (+10).
   Will:      It increases your willpower.
 Q - the -2 hat of the Alchemist (worn) {rElec rPois rF+ rC+ rN+ Will+ rMut rCorr}
   (You found it in a wizard's laboratory)

   rF:        It protects you from fire.
   rC:        It protects you from cold.
   rElec:     It insulates you from electricity.
   rPois:     It protects you from poison.
   rN:        It protects you from negative energy.
   rCorr:     It protects you from acid and corrosion.
   rMut:      It protects you from mutation.
   Will:      It increases your willpower.
 S - the +0 cloak of the Eleven Tables (worn) {rPois Stlth+}
   (You bought it in a shop on level 3 of the Dungeon)

   rPois:     It protects you from poison.
   Stlth:     It makes you more stealthy.
Jewellery
 g - the ring "Ucaiwn" {*Corrode rElec rPois Int+7 Dex+6}
   (You found it on level 5 of the Pits of Slime)

   [ring of dexterity]

   Int:       It affects your intelligence (+7).
   Dex:       It affects your dexterity (+6).
   rElec:     It insulates you from electricity.
   rPois:     It protects you from poison.
   *Corrode:  It may corrode you when you take damage.
 h - the ring of Toggaa (right hand) {rF+ MP+9}
   (You found it on level 5 of the Lair of Beasts)

   [ring of magical power]

   rF:        It protects you from fire.
   MP:        It affects your magic capacity (+9).
 i - a ring of wizardry (left hand)
 w - the ring "Fiteoh" {Fire +Blink rPois Str+4 Slay-3}
   (You found it in Pandemonium)

   [ring of fire]

   It enhances your fire magic.
   Str:       It affects your strength (+4).
   Slay:      It affects your accuracy & damage with ranged weapons and melee
   (-3).
   rF:        It protects you from fire.
   rC:        It makes you vulnerable to cold.
   rPois:     It protects you from poison.
   +Blink:    It lets you blink.
 x - the ring of Hosaxte {Fly Int-2 Dex+3 Slay+4}
   (You found it in Pandemonium)

   [ring of slaying]

   Int:       It affects your intelligence (-2).
   Dex:       It affects your dexterity (+3).
   Slay:      It affects your accuracy & damage with ranged weapons and melee
   (+4).
   Fly:       It grants you flight.
 D - an amulet of magic regeneration (around neck)
 J - the amulet of Beplan {Reflect rN+ Str+3 Int-3 SH+5}
   (You found it in a treasure trove)

   [amulet of reflection]

   It reflects blocked missile attacks.
   Str:       It affects your strength (+3).
   Int:       It affects your intelligence (-3).
   rN:        It protects you from negative energy.
   SH:        It affects your SH (+5).
 Y - the ring of Iwnaf Vimn {rElec rF+++ rC- rCorr Slay+4}
   (You found it on level 7 of Tartarus)

   [ring of resist corrosion]

   Slay:      It affects your accuracy & damage with ranged weapons and melee
   (+4).
   rF:        It renders you almost immune to fire.
   rC:        It makes you vulnerable to cold.
   rElec:     It insulates you from electricity.
   rCorr:     It protects you from acid and corrosion.
Wands
 a - a wand of polymorph (18)
 F - a wand of charming (63)
 H - a wand of flame (64)
 I - a wand of digging (35)
 N - a wand of mindburst (56)
 P - a wand of iceblast (6)
 U - a wand of light (12)
Scrolls
 e - 3 scrolls of blinking
 n - 10 scrolls of magic mapping
 q - 11 scrolls of immolation
 r - 14 scrolls of fog
 s - 26 scrolls of teleportation
 t - 13 scrolls of fear
 y - 10 scrolls of poison
 C - 5 scrolls of amnesia
 E - a scroll of summoning
 V - a scroll of silence
 Z - 4 scrolls of enchant armour
Potions
 c - 9 potions of mutation
 d - 3 potions of heal wounds
 j - 10 potions of might
 k - 34 potions of curing
 u - 15 potions of brilliance
 z - 16 potions of haste
 A - 5 potions of ambrosia
 G - 7 potions of invisibility
 M - 5 potions of cancellation
 T - 5 potions of resistance
Miscellaneous
 m - the horn of Geryon (inert)
 W - a phantom mirror (inert)


   Skills:
 O Level 27 Fighting
 - Level 9.1 Axes
 + Level 17.3 Armour
 - Level 15.7 Dodging
 + Level 21.9 Stealth
 - Level 15.0 Shields
 O Level 27 Spellcasting
 - Level 15.0 Conjurations
 - Level 12.0 Summonings
 + Level 12.1 Necromancy
 - Level 8.0 Translocations
 - Level 11.9 Transmutations
 O Level 27 Fire Magic
 O Level 27 Earth Magic
 - Level 15.0 Evocations


You had 28 spell levels left.
You knew the following spells:

 Your Spells              Type           Power      Damage    Failure   Level
a - Sandblast             Erth           100%       2d20      0%          1
b - Stone Arrow           Conj/Erth      100%       3d13      0%          3
c - Passage of Golubria   Tloc           73%        N/A       1%          4
d - Lehudib's Crystal Sp  Conj/Erth      52%        10d12     1%          8
e - Ignition              Fire           58%        3d16      1%          8
f - Borgnjor's Vile Clut  Necr/Erth      51%        N/A       0%          5
g - Lee's Rapid Deconstr  Erth           58%        3d27*     0%          5
h - Spellforged Servitor  Conj/Summ      44%        N/A       1%          7
i - Shatter               Erth           58%        3d43*     1%          9
j - Blink                 Tloc           100%       N/A       1%          2

Your spell library contained the following spells:

 Spells                   Type           Power      Damage    Failure   Level
 Maxwell's Capacitive Co  Air            20%        ∞         99%         8
 Kiss of Death            Conj/Necr      100%       2d13      0%          1
 Magic Dart               Conj           100%       1d8       0%          1
 Summon Small Mammal      Summ           100%       N/A       0%          1
 Call Imp                 Summ           85%        N/A       0%          2
 Passwall                 Tmut/Erth      85%        N/A       0%          2
 Searing Ray              Conj           100%       2d8       0%          2
 Inner Flame              Hex/Fire       88%        N/A       0%          3
 Animate Armour           Summ/Erth      100%       N/A       0%          4
 Flame Wave               Conj/Fire      100%       2d21      0%          4
 Petrify                  Tmut/Erth      100%       N/A       0%          4
 Sticky Flame             Conj/Fire      100%       2d11      0%          4
 Freeze                   Ice            100%       1d10      1%          1
 Shock                    Conj/Air       100%       1d9       1%          1
 Slow                     Hex            100%       N/A       1%          1
 Ensorcelled Hibernation  Hex/Ice        80%        N/A       1%          2
 Poisonous Vapours        Pois/Air       80%        N/A       1%          2
 Call Canine Familiar     Summ           85%        N/A       1%          3
 Confusing Touch          Hex            40%        N/A       1%          3
 Dazzling Flash           Conj/Hex       100%       N/A       1%          3
 Frozen Ramparts          Ice            80%        1d13      1%          3
 Gell's Gravitas          Tloc           73%        N/A       1%          3
 Hailstorm                Conj/Ice       71%        3d15      1%          3
 Kindle Blastsparks       Fire/Tloc/Air  100%       2d18      1%          3
 Lesser Beckoning         Tloc           100%       N/A       1%          3
 Mephitic Cloud           Conj/Pois/Air  63%        N/A       1%          3
 Ozocubu's Armour         Ice            40%        N/A       1%          3
 Portal Projectile        Hex/Tloc       100%       N/A       1%          3
 Spider Form              Tmut/Pois      66%        N/A       1%          3
 Summon Guardian Golem    Hex/Summ       66%        N/A       1%          3
 Swiftness                Air            40%        N/A       1%          3
 Teleport Other           Tloc           73%        N/A       1%          3
 Vampiric Draining        Necr           85%        2d12      1%          3
 Vhi's Electric Charge    Tloc/Air       100%       N/A       1%          3
 Airstrike                Air            20%        2d(3-19)  1%          4
 Anguish                  Hex/Necr       33%        N/A       1%          4
 Animate Dead             Necr           85%        N/A       1%          4
 Dispel Undead            Necr           85%        3d27      1%          4
 Fulminant Prism          Conj/Hex       35%        3d17      1%          4
 Ice Form                 Ice/Tmut       66%        N/A       1%          4
 Iskenderun's Mystic Bla  Conj/Tloc      83%        2d16      1%          4
 Leda's Liquefaction      Hex/Erth       44%        N/A       1%          4
 Manifold Assault         Tloc           73%        N/A       1%          4
 Olgreb's Toxic Radiance  Pois           40%        N/A       1%          4
 Summon Ice Beast         Ice/Summ       66%        N/A       1%          4
 Summon Lightning Spire   Summ/Air       66%        N/A       1%          4
 Agony                    Necr           85%        N/A       1%          5
 Arcjolt                  Conj/Air       35%        1d45      1%          5
 Blade Hands              Tmut           42%        N/A       1%          5
 Freezing Cloud           Conj/Ice/Air   31%        6-21      1%          5
 Irradiate                Conj/Tmut      44%        3d26      1%          5
 Lightning Bolt           Conj/Air       35%        1d53      1%          5
 Summon Mana Viper        Hex/Summ       66%        N/A       1%          5
 Yara's Violent Unravell  Hex/Tmut       33%        3d14      1%          5
 Conjure Ball Lightning   Conj/Air       35%        3x3d11    1%          6
 Death Channel            Necr           42%        N/A       1%          6
 Iron Shot                Conj/Erth      52%        9d10      1%          6
 Orb of Destruction       Conj           46%        9d12      1%          7
 Eringya's Noxious Bog    Tmut/Pois      33%        N/A       2%          6
 Dispersal                Tloc           36%        N/A       3%          6
 Dragon Form              Tmut           42%        N/A       3%          7
 Haunt                    Necr/Summ      42%        N/A       3%          7
 Monstrous Menagerie      Summ           42%        N/A       3%          7
 Fire Storm               Conj/Fire      52%        8d13      3%          9
 Cause Fear               Hex            20%        N/A       5%          4
 Simulacrum               Ice/Necr       33%        N/A       7%          6
 Malign Gateway           Summ/Tloc      39%        N/A       8%          7
 Metabolic Englaciation   Hex/Ice        20%        N/A       16%         5
 Infestation              Necr           42%        N/A       24%         8
 Summon Horrible Things   Summ           42%        N/A       26%         8
 Storm Form               Tmut/Air       33%        N/A       36%         7
 Ozocubu's Refrigeration  Ice            20%        4d11      67%         7
 Disjunction              Tloc           36%        N/A       75%         8
 Enfeeble                 Hex            20%        N/A       98%         7
 Chain Lightning          Conj/Air       35%        3d47      98%         9
 Dragon's Call            Summ           42%        N/A       98%         9
 Discord                  Hex            20%        N/A       100%        8
 Polar Vortex             Ice            20%        N/A       100%        9
 Sublimation of Blood     Necr           Unusable   N/A       N/A         2
 Cigotuvi's Dreadful Rot  Necr/Pois/Air  Unusable   N/A       N/A         2

Dungeon Overview and Level Annotations

Branches:
Dungeon (15/15)            Temple (0/1) D:7            Lair (5/5) D:10
 Shoals (4/4) Lair:3        Snake (4/4) Lair:3        Slime (5/5) Lair:5
    Orc (2/2) D:12            Elf (3/3) Orc:2        Vaults (5/5) D:14
  Crypt (3/3) Vaults:2       Tomb (1/3) Crypt:3      Depths (4/4) D:15
   Hell (visited)             Dis (7/7) Hell            Geh (7/7) Hell
    Coc (7/7) Hell            Tar (7/7) Hell            Zot (1/5) Depths:4
  IceCv (visited)          WizLab (visited)

Altars:
Dithmenos
Elyvilon
Gozag
Makhleb
Qazlal
Ru
Trog
Uskayaw
Vehumet
Wu Jian
Xom
Yredelemnul
The Shining One
Jiyva

Shops:
D:3 *[?=(   D:6 (   D:10 (   D:15 =   Orc:2 [(?[(   Elf:1 :   Elf:2 =::
Snake:2 =   Vaults:1 ((:*:   Vaults:3 [   Vaults:5 [[   Crypt:3 **   Depths:4 *

Portals:
Hell: Depths:1 Depths:2 Depths:3 Depths:4
Abyss: Depths:1 Depths:3 Depths:4
Pandemonium: Depths:1 Depths:2
Ziggurat: Depths:2

Annotations:
Pan Lom Lobon


Innate Abilities, Weirdness & Mutations

You are immune to sickness and miasma.
Your stone body is resilient. (AC +20)
You are immune to poison.
Your large and strong wings let you fly.
You resist negative energy. (rN+)
You are resistant to electric shocks. (rElec)
You are resistant to unholy torment.
You are immune to petrification.
You are agile. (Dex +4, Str/Int -1)
You possess an exceptional clarity of mind.
Your flesh is cold resistant. (rC+)
You are dopey. (Int -2)
You are strong-willed. (Will+)


Message History

The crystal spear hits the ball lightning!!
The ball lightning explodes!
The blast of lightning engulfs the hellwing!!!
The hellwing dies!
The blast of lightning engulfs Lom Lobon.
Lom Lobon completely resists.
The blast of lightning engulfs the hellwing!!!
The hellwing dies!
The blast of lightning engulfs the ball lightning.
The ball lightning completely resists.
The blast of lightning engulfs your spellforged servitor!
Your spellforged servitor resists.
Your spellforged servitor is destroyed!
Your spellforged servitor disappears in a puff of smoke!
The blast of lightning engulfs the ball lightning.
The ball lightning completely resists.
You hear a chilling moan.
Casting: Stone Arrow (safe; 0% risk of failure)
Confirm with . or Enter, or press ? or * to list all spells.
The dungeon rumbles!
Lom Lobon screams, "Repent, thou baffled swag-bellied urchin!"
Lom Lobon is moderately wounded.
The titan is almost dead.
The smoke demon is almost dead.
The blizzard demon is lightly wounded.
Ka-crash!
You hear a roar!
You hear a chilling moan.
The smoke demon dies!
The smoke demon shimmers and vanishes!
The smoke demon dies!
The smoke demon shimmers and vanishes!
The ball lightning explodes!
The blast of lightning engulfs you! You resist.
* * * LOW HITPOINT WARNING * * *
The blast of lightning engulfs the ball lightning.
The ball lightning completely resists.
The titan waves its arms in wide circles.
The air twists around and strikes you!
* * * LOW HITPOINT WARNING * * *
The ball lightning explodes!
The blast of lightning engulfs you! You resist.
You die...

§§§&§§§§§#≈≈≈≈≈≈≈≈≈≈.§...≈##≈G###
§§§§§§§§##≈≈≈≈≈°§§§§§°4C≈≈#≈≈≈#
§§§§§§§##≈≈≈≈○≈§§§≈§§§2..≈#≈≈##
§§§§§###≈≈≈≈☼§○§§&§§§§.≈≈##i3#
#...##≈≈≈≈≈≈○°☼§§§§§§§..≈#≈3≈#
§≈....°≈≈≈≈°○§§§§§§§§§.≈##≈≈##
§≈....≈≈.≈≈°○○☼○§....≈≈.#≈≈≈#
○≈≈≈..°..≈.§°°°).)...≈##4≈≈##
≈≈≈≈°......).§○.@..≈≈##≈≈≈#
#≈≈§≈≈..)..).).≈.≈≈≈#.≈≈≈#
##≈*≈≈≈≈..[.)≈≈≈≈≈≈##≈3≈#
###≈≈≈≈≈≈≈≈≈≈≈≈≈###≈≈≈#
####≈≈≈≈≈≈≈..## ≈≈# ####..#.#≈
≈≈≈≈≈≈≈ ≈≈≈≈≈≈≈


You could see Lom Lobon (vortex), a titan, a blizzard demon and a hellwing.

Vanquished Creatures
  Cerebov (Pan)
  the Royal Jelly (Slime:5)
  Asmodeus (Geh:7)
  Gloorx Vloq (Pan)
  Mnoleg (Pan)
  9 dread liches
  Dispater (Dis:7)
  9 ancient liches
  4 juggernauts
  8 pandemonium lords (Pan)
  Bai Suzhen (Shoals:3)
  15 royal mummies (Tomb:1)
  The ghost of Nuh Ema the Eclecticist, a veteran HuVM of Jiyva (Crypt:1)
  8 caustic shrikes
  8 shard shrikes
  Geryon (Hell)
  4 golden dragons
  Nikola (Snake:4)
  2 profane servitors
  the Enchantress (Depths:2)
  The ghost of Vikohomu the Eclecticist, a veteran VSSu of Ashenzari (Crypt:3)
  The ghost of Athor the Peltast, an adept FoGl of Okawaru (Vaults:2)
  19 bone dragons
  18 Tzitzimimeh
  An electric golem (WizLab)
  7 doom hounds
  The ghost of DEFE the Eclecticist, an adept DsWn of Vehumet (Elf:3)
  12 Brimstone Fiends
  7 iron giants
  15 hellephants
  Jorgrun (D:14)
  11 tentacled monstrosities
  22 Hell Sentinels
  12 liches
  9 titans
  A walking earthen tome (Depths:3)
  14 tainted leviathans
  18 Ice Fiends
  2 deep elf master archers (Elf:3)
  2 deep elf blademasters (Elf:3)
  12 searing wretches
  Polyphemus (Shoals:2)
  A walking divine tome (Depths:3)
  6 quicksilver dragons
  A kraken (Shoals:1)
  16 acid blobs
  Frances (Shoals:1)
  2 death cobs (Zot:1)
  9 sphinxes
  19 Executioners
  7 tentacled starspawn
  Murray (Hell)
  The ghost of LightUpTheStage the Severer, an adept MiBe of Trog (Shoals:2)
  13 tengu reavers
  25 ancient champions
  Agnes (Vaults:1)
  Kirke (Lair:4)
  6 rockslimes
  A fenstrider witch (shapeshifter) (Elf:2)
  19 azure jellies
  2 revenants
  7 shadow dragons
  19 fire giants
  6 storm dragons
  Aizul (Shoals:4)
  8 quicksilver elementals
  6 deep elf sorcerers
  9 narguns
  17 frost giants
  5 nagarajas
  A fire giant (shapeshifter) (Depths:2)
  37 balrugs
  12 demonspawn warmongers (Pan)
  Louise (Shoals:1)
  8 iron dragons
  11 vault wardens
  A draconian scorcher (Depths:4)
  An angel (WizLab)
  A shard shrike simulacrum (Coc:5)
  6 curse skulls
  A spectral juggernaut (Tar:1)
  A ghoul (Crypt:2)
  9 ironbound preservers
  2 deep elf elementalists (Elf:3)
  A juggernaut zombie (Tar:7)
  3 draconian shifters (Abyss:4)
  3 orc warlords
  2 draconian annihilators
  A caustic shrike skeleton (Crypt:3)
  44 war gargoyles
  13 quicksilver oozes
  5 spriggan defenders
  23 cacodemons
  8 demonspawn corrupters (Pan)
  6 demonspawn blood saints (Pan)
  17 reapers
  16 stone giants
  The ghost of Tohisesh the Thaumaturge, a journeyman OpEE of Gozag (Lair:3)
  4 ironbound thunderhulks
  33 very ugly things
  9 vampire knights
  A juggernaut skeleton (Tar:7)
  5 dire elephants
  30 elemental wellsprings
  10 demonspawn black suns (Pan)
  Nessos (Lair:4)
  A green draconian (Zot:1)
  5 purple draconians
  Azrael (Snake:2)
  8 deep elf demonologists
  2 black draconians (Zot:1)
  A white draconian (Depths:4)
  14 lorocyprocas
  8 putrid mouths
  A bunyip (Abyss:2)
  A bunyip (shapeshifter) (Vaults:5)
  9 deep elf annihilators
  A minotaur (Shoals:4)
  3 yellow draconians
  A spark wasp (Depths:3)
  17 wendigos
  17 iron golems
  11 blizzard demons
  A spectral quicksilver dragon (Tar:2)
  7 deep elf death magi
  11 eidola
  10 ettins
  10 green deaths (Pan)
  A mummy priest (Tomb:1)
  9 yaktaur captains
  A merfolk javelineer (Shoals:4)
  2 fire dragons
  2 crystal guardians
  4 merfolk impalers
  10 jiangshi
  7 great orbs of eyes
  2 spectral golden dragons (Tar:2)
  Josephine (Orc:2)
  4 deep elf high priests
  2 entropy weavers
  4 hydras
  9 hell beasts (Pan)
  35 vault guards
  8 rakshasas
  7 peacekeepers
  A quicksilver dragon skeleton (Pan)
  A spriggan zombie (Crypt:2)
  4 spriggan skeletons
  7 juggernaut simulacra
  3 spriggan air magi (Depths:2)
  10 anacondas
  7 caustic shrike simulacra
  3 death knights
  Erica (D:8)
  11 ice dragons
  5 ironbound frosthearts
  An ogre mage (Vaults:5)
  An alligator snapping turtle (Shoals:4)
  7 salamander tyrants
  7 nameless horrors
  6 stokers
  4 satyrs (Shoals:4)
  2 deep troll shamans
  6 death yaks
  18 naga warriors
  4 catoblepae
  13 dancing weapons
  11 centaur warriors
  7 boulder beetles
  10 tengu warriors
  6 death scarabs (Tomb:1)
  4 two-headed ogres
  2 deep troll earth magi
  33 hell hogs
  A holy swine (Pan)
  2 titan zombies
  12 naga sharpshooters
  7 shock serpents
  6 thrashing horrors
  8 vampire magi
  12 deep elf knights
  Sonja (Lair:3)
  3 spriggan berserkers
  17 crystal echidnas
  A titan skeleton (Crypt:3)
  18 hell knights
  95 sun demons
  7 salamander mystics
  Nergalle (Orc:1)
  51 soul eaters
  9 wretched stars
  2 iron trolls
  37 shadow wraiths
  29 sixfirhies
  13 skeletal warriors
  2 spatial maelstroms
  An orb spider (Abyss:2)
  9 sea snakes
  5 naga ritualists
  4 flayed ghosts
  19 shadow demons
  15 deep trolls
  A golden dragon zombie (Tar:7)
  An obsidian statue (Crypt:3)
  7 quicksilver dragon simulacra
  2 anaconda zombies (Hell)
  2 anaconda skeletons
  15 deep elf archers
  2 glowing orange brains
  A spectral hydra (Tar:2)
  14 phantasmal warriors
  9 lindwurms
  20 deep elf pyromancers
  An iron giant skeleton (Tar:7)
  A lindwurm (shapeshifter) (Vaults:5)
  4 kraken simulacra (Coc:7)
  10 wizards
  3 orc knights (Orc:2)
  Pikel (D:8)
  16 harpies
  12 necromancers
  9 spriggan simulacra
  20 deep elf zephyrmancers
  12 ironbound convokers
  A golden dragon skeleton (Pan)
  2 mana vipers
  10 manticores
  A manticore (shapeshifter) (Vaults:5)
  10 fauns
  A stone giant zombie (Crypt:2)
  3 spectral ettins
  4 moths of wrath
  4 orc sorcerers
  26 ugly things
  11 shining eyes
  2 shadow dragon skeletons
  5 cyclopes
  A will-o-the-wisp (Abyss:4)
  16 salamanders
  11 vault sentinels
  A worldbinder (Abyss:4)
  22 black mambas
  A black mamba (shapeshifter) (Elf:3)
  2 iron dragon skeletons
  A guardian serpent (shapeshifter) (Vaults:5)
  4 rust devils
  12 elephants
  3 apocalypse crabs
  3 molten gargoyles (WizLab)
  An eye of devastation (Slime:4)
  5 guardian serpents
  8 ice statues
  6 demonic crawlers
  47 smoke demons
  A merfolk siren (Shoals:4)
  2 torpor snails (Lair:5)
  Maurice (D:9)
  3 water nymphs
  2 centaur skeletons
  A yaktaur zombie (Vaults:4)
  23 naga magi
  3 naga skeletons
  6 gargoyles
  33 orange demons (Pan)
  A dire elephant skeleton (Pan)
  31 hellions
  3 rime drakes
  Maggie (Lair:2)
  A green draconian zombie (Crypt:3)
  8 cane toads
  6 titan simulacra
  3 unseen horrors
  12 yaktaurs
  A kobold demonologist (D:9)
  7 freezing wraiths
  6 iron giant simulacra
  13 efreet
  9 komodo dragons
  17 tormentors
  5 anaconda simulacra
  2 orc skeletons
  An alligator snapping turtle skeleton (Abyss:2)
  5 ancient zymes
  3 guardian mummies
  A spectral harpy (Tar:2)
  4 red devils (Pan)
  2 ice devils
  6 tengu conjurers
  A spectral two-headed ogre (Tar:1)
  A sea snake skeleton (Hell)
  3 silent spectres
  4 spectral nagas
  6 polar bears
  7 trolls
  A harpy zombie (Abyss:4)
  2 meliai (shapeshifter)
  14 merfolk
  16 hellwings
  11 hornets
  Grinder (D:6)
  2 wind drakes (shapeshifter)
  4 wind drakes
  18 blink frogs
  An ice dragon zombie (Crypt:2)
  A satyr zombie (Crypt:2)
  10 dream sheep
  A harpy skeleton (Pan)
  2 raiju (Abyss:4)
  3 snapping turtles
  A stone giant simulacrum (Coc:4)
  2 iron dragon simulacra (Coc:5)
  A jumping spider (shapeshifter) (Vaults:5)
  19 flying skulls
  76 slime creatures
  4 ettin skeletons
  13 wraiths
  A centaur simulacrum (D:14)
  A culicivora (Vaults:3)
  19 spriggans
  2 shadows
  5 dire elephant simulacra
  6 water elementals
  3 vampires
  56 ynoxinuls
  A fire bat (Abyss:4)
  4 wyverns
  4 naga simulacra
  2 ushabtiu (Tomb:1)
  A yak (shapeshifter) (Elf:3)
  2 alligator snapping turtle simulacra
  A satyr skeleton (Crypt:3)
  A black mamba skeleton (Crypt:2)
  5 fire elementals
  10 golden eyes
  4 hogs (Lair:4)
  38 yaks
  Grum (D:8)
  6 basilisks
  46 chaos spawn
  31 neqoxecs
  16 small abominations
  2 steam dragons
  5 redbacks
  14 vampire mosquitoes
  68 large abominations
  A sea snake simulacrum (Hell)
  A deep troll zombie (Crypt:1)
  A death yak simulacrum (IceCv)
  40 nagas
  A faun zombie (Crypt:1)
  12 harpy simulacra
  3 wargs
  A spatial vortex (Abyss:4)
  A glowing shapeshifter zombie (Vaults:4)
  3 acid dragons
  5 hydra simulacra
  A floating eye (Slime:1)
  A naga zombie (Tar:7)
  17 water moccasins
  10 hell hounds
  12 ice beasts
  A fire bat skeleton (Crypt:1)
  34 orc warriors
  6 ettin simulacra
  6 sky beasts
  7 black bears
  5 ogres
  31 wolves
  An ogre (shapeshifter) (Depths:4)
  8 boggarts
  A hog zombie (Crypt:3)
  10 centaurs
  A dream sheep skeleton (Crypt:1)
  A lemure (D:8)
  2 phantoms
  3 kobold brigands (D:9)
  A gnoll sergeant (D:7)
  14 bullfrogs
  4 necrophages
  6 earth elementals
  A cane toad simulacrum (IceCv)
  4 scorpions
  6 wights
  A cyclops skeleton (Crypt:2)
  An elephant simulacrum (IceCv)
  13 killer bees
  A raiju skeleton (Crypt:1)
  6 electric eels
  4 howler monkeys
  5 crimson imps (Abyss:4)
  A quasit (Abyss:2)
  3 hounds (D:4)
  8 orc priests
  Crazy Yiuf (D:6)
  A gnoll bouda (D:9)
  39 starcursed masses
  Natasha (thrice) (D:2)
  4 iguanas
  17 orc wizards
  12 hell rats
  2 lightning spires (WizLab)
  An ogre zombie (Crypt:3)
  6 mummies
  10 gnolls
  8 river rats (Lair:1)
  5 adders
  A shadow imp (D:7)
  4 white imps
  2 ufetubi
  An adder zombie (Crypt:1)
  A lava snake skeleton (Crypt:2)
  5 worms
  2 dart slugs
  65 orcs
  11 endoplasms
  3 giant cockroaches
  4 goblins
  5 hobgoblins
  5 jackals
  4 quokkas
  5 ball pythons
  A ball python skeleton (Crypt:1)
  7 bats
  7 frilled lizards
  A goblin zombie (Crypt:3)
  15 kobolds
  4 rats
  6 creeping infernos
  32 fire vortices
  A lurking horror (Abyss:4)
  5 starspawn tentacles
  10 tentacles
3445 creatures vanquished.

Vanquished Creatures (collateral kills)
  Antaeus (Coc:7)
  Ereshkigal (Tar:7)
  the Serpent of Hell (Dis:7)
  An orb of fire (Zot:1)
  An ancient lich (Tar:6)
  6 shard shrikes
  Frederick (Vaults:1)
  Saint Roka (Vaults:4)
  8 caustic shrikes
  A golden dragon (Depths:4)
  5 profane servitors
  21 bone dragons
  12 Tzitzimimeh
  3 Brimstone Fiends
  6 doom hounds
  7 hellephants
  2 pandemonium lords (Pan)
  4 tainted leviathans
  3 Hell Sentinels
  3 Ice Fiends (Coc:7)
  A deep elf blademaster (Elf:2)
  3 tentacled monstrosities
  8 titans
  A walking divine tome (Depths:3)
  5 searing wretches (Geh:7)
  6 sphinxes
  A kraken (Shoals:3)
  4 Executioners (Pan)
  9 acid blobs
  2 ancient champions (Dis:7)
  6 tentacled starspawn
  A death cob (Zot:1)
  2 shadow dragons
  5 demonspawn warmongers (Pan)
  3 storm dragons
  A draconian knight (Zot:1)
  11 azure jellies
  10 fire giants
  3 iron dragons
  5 rockslimes (Slime:5)
  4 narguns (Coc:7)
  8 frost giants
  4 revenants
  2 quicksilver elementals
  8 shard shrike simulacra
  A deep elf sorcerer (Elf:3)
  A spectral juggernaut (Tar:4)
  A spectral caustic shrike (Tar:5)
  13 balrugs
  2 curse skulls
  A draconian shifter (Zot:1)
  9 vault wardens
  8 cacodemons (Pan)
  4 demonspawn corrupters (Pan)
  6 quicksilver oozes
  5 ironbound preservers
  2 demonspawn blood saints (Pan)
  6 war gargoyles
  2 spriggan defenders
  3 ironbound thunderhulks
  3 stone giants
  An ophan (Abyss:2)
  6 reapers (Pan)
  2 vampire knights (Vaults:2)
  A juggernaut skeleton (Crypt:2)
  An elemental wellspring (Coc:4)
  13 very ugly things
  2 green draconians (Depths:4)
  A black draconian (Zot:1)
  2 demonspawn black suns (Pan)
  4 putrid mouths
  A spark wasp (Depths:2)
  A white draconian (Zot:1)
  3 deep elf annihilators (Elf:3)
  9 wendigos
  A lorocyproca (Pan)
  2 eidola
  A purple draconian (Depths:4)
  2 yellow draconians
  A minotaur (Shoals:4)
  9 blizzard demons
  A spectral titan (Tar:1)
  5 iron golems
  2 merfolk impalers
  2 merfolk javelineers (Shoals:4)
  3 jiangshi
  7 green deaths
  4 ettins
  7 fire dragons
  8 mummy priests (Tomb:1)
  5 great orbs of eyes
  A crystal guardian (Vaults:2)
  2 deep elf death magi
  2 spectral spriggans
  3 rakshasas
  A caustic shrike simulacrum (Coc:7)
  2 spriggan zombies
  5 vault guards
  The ghost of Iniclolu the Skirmisher, a journeyman DsWn of Lugonu (Lair:1)
  4 yaktaur captains
  A peacekeeper (WizLab)
  4 juggernaut simulacra
  A salamander tyrant (Geh:4)
  5 ice dragons
  3 spriggan air magi
  5 merfolk avatars
  A hell beast (Pan)
  A catoblepas (Shoals:2)
  An alligator snapping turtle (Shoals:4)
  5 anacondas (Snake:4)
  A death knight (Crypt:2)
  A fenstrider witch skeleton (Crypt:3)
  2 centaur warriors (Vaults:1)
  5 ironbound frosthearts
  A merfolk aquamancer (Shoals:4)
  4 satyrs (Shoals:4)
  A boulder beetle (Vaults:1)
  13 dancing weapons
  A deep troll earth mage (Depths:4)
  A spectral stone giant (Tar:3)
  3 death yaks
  A bennu skeleton (Crypt:3)
  3 death scarabs (Tomb:1)
  6 deep troll shamans
  4 thrashing horrors
  5 vampire magi
  8 hell hogs
  A tengu warrior (Depths:4)
  5 holy swine (Pan)
  2 spriggan berserkers
  A naga sharpshooter (Snake:4)
  34 sun demons
  2 deep elf knights
  A crystal echidna (Dis:7)
  A shadow wraith (Abyss:4)
  15 soul eaters
  4 hell knights (Hell)
  3 iron trolls (Depths:4)
  3 wretched stars
  A bunyip zombie (Crypt:2)
  10 sixfirhies
  A death drake (Abyss:4)
  A spectral bunyip (Tar:1)
  3 skeletal warriors
  7 sea snakes
  2 quicksilver dragon simulacra
  A shadow demon (Pan)
  2 spectral hydras
  20 deep trolls
  4 spriggan simulacra
  4 glowing orange brains
  A bunyip skeleton (Pan)
  2 wizards
  15 large abominations
  A shadow dragon zombie (Crypt:3)
  6 deep elf zephyrmancers
  4 phantasmal warriors
  A necromancer (Crypt:2)
  10 ironbound convokers
  21 harpies
  A spectral ettin (Tar:7)
  3 deep elf pyromancers
  A shining eye (Slime:3)
  5 lindwurms
  A frost giant zombie (Crypt:1)
  5 manticores
  6 mana vipers (Snake:4)
  3 salamanders
  3 worldbinders
  7 ugly things
  5 fauns
  A mana viper (shapeshifter) (Elf:1)
  A jorogumo skeleton (Crypt:3)
  2 moths of wrath (Zot:1)
  A manticore (shapeshifter) (Abyss:4)
  2 will-o-the-wisps (Abyss:4)
  5 black mambas
  2 titan simulacra
  An eye of devastation (Slime:2)
  8 water nymphs
  A merfolk siren (Shoals:1)
  A rust devil (Hell)
  18 smoke demons
  2 guardian serpents (Snake:4)
  A molten gargoyle (WizLab)
  2 gargoyles (WizLab)
  7 vault sentinels
  An alligator snapping turtle zombie (Crypt:1)
  A demonic crawler (Abyss:5)
  6 hellions
  A human zombie (Vaults:4)
  A sea snake zombie (Hell)
  10 orange demons (Pan)
  6 freezing wraiths
  A tengu conjurer (Depths:2)
  3 efreet
  2 spectral nagas (Tar:1)
  7 yaktaurs
  9 guardian mummies
  An anaconda simulacrum (Coc:2)
  A red devil (Pan)
  2 ice devils (Pan)
  An unseen horror skeleton (Crypt:2)
  A minotaur skeleton (Crypt:2)
  4 hellwings (Pan)
  4 harpy zombies
  A hydra zombie (Hell)
  9 tormentors
  4 ancient zymes
  13 merfolk
  A merfolk (shapeshifter) (Depths:1)
  A harpy skeleton (Crypt:2)
  4 wind drakes
  An alligator zombie (Crypt:2)
  A tarantella (shapeshifter) (Abyss:2)
  5 snapping turtles
  A dream sheep (Shoals:2)
  5 raiju
  50 slime creatures
  An iron dragon simulacrum (Coc:3)
  A stone giant simulacrum (Coc:5)
  5 flying skulls
  3 ynoxinuls
  A wraith (Crypt:3)
  7 water elementals
  7 dire elephant simulacra
  3 basilisks (Shoals:1)
  2 golden eyes (Slime:3)
  8 neqoxecs
  9 chaos spawn
  15 starcursed masses
  7 small abominations
  2 spriggans
  5 harpy simulacra
  A spatial vortex (Abyss:4)
  2 hell hounds (Pan)
  A naga skeleton (Crypt:1)
  An ettin simulacrum (Coc:1)
  2 orc warriors (Vaults:4)
  An ice dragon simulacrum (Crypt:1)
  4 naga simulacra
  2 earth elementals
  A wolf zombie (Crypt:1)
  A quasit (Abyss:2)
  A hell rat (Hell)
  16 mummies
  An ufetubus (Vaults:4)
  2 orcs (Vaults:4)
  A ball lightning (Pan)
  2 creeping infernos
  12 fire vortices
  A lurking horror (Abyss:5)
  9 starspawn tentacles
  3 tentacles
1065 creatures vanquished.

Vanquished Creatures (others)
  An eldritch tentacle (Pan)
  An orc warlord (Orc:2)
  A cacodemon (Pan)
  A very ugly thing (Pan)
  A blizzard demon (Pan)
  A green death (Pan)
  A juggernaut simulacrum (Coc:7)
  A rakshasa (Pan)
  A deep elf knight (Elf:3)
  A soul eater (Pan)
  A sun demon (Pan)
  A glowing orange brain (Pan)
  A spriggan simulacrum (Coc:5)
  A manticore (Shoals:2)
  An ugly thing (D:14)
  3 smoke demons (Pan)
  A tormentor (Pan)
  2 hellwings (Pan)
  A stone giant simulacrum (Coc:5)
  A naga simulacrum (Coc:3)
  A hydra simulacrum (Coc:5)
  22 ball lightnings (Pan)
  2 blocks of ice (Pan)
  A bush (Lair:5)
  4 demonic plants (Abyss:5)
  4 fire vortices
  2 foxfires (Abyss:4)
  59 fungi
  135 plants
  16 starspawn tentacles
  9 tentacles
  6 withered plants
284 creatures vanquished.

Grand Total: 4794 creatures vanquished

Notes
Turn   | Place    | Note
-------+----------+-------------------------------------------
     0 | D:1      | Crownlay the Gargoyle Earth Elementalist began the quest
                  | for the Orb.
     0 | D:1      | Reached XP level 1. HP: 10/10 MP: 3/3
   173 | D:1      | Reached XP level 2. HP: 13/15 MP: 0/5
   263 | D:1      | Found a faded altar of an unknown god.
   812 | D:1      | Found Zubbur's Book Emporium.
   850 | D:1      | Reached skill level 5 in Earth Magic
   850 | D:1      | Reached XP level 3. HP: 19/19 MP: 3/6
  1231 | D:2      | Reached XP level 4. HP: 24/24 MP: 3/7
  1594 | D:2      | Noticed Natasha
  1599 | D:2      | Killed Natasha
  1772 | D:2      | Noticed Natasha
  1775 | D:2      | Killed Natasha
  1822 | D:2      | Noticed Natasha
  1825 | D:2      | Killed Natasha
  1826 | D:2      | Reached XP level 5. HP: 28/28 MP: 4/8
  1946 | D:3      | Found Qocs's Weapon Emporium.
  2062 | D:3      | Found Kefoiblur's Magic Scroll Boutique.
  2069 | D:3      | Bought a scroll of fog for 40 gold pieces
  2069 | D:3      | Bought a scroll of identify for 20 gold pieces
  2069 | D:3      | Bought a scroll of teleportation for 30 gold pieces
  2091 | D:3      | Found Qauqeff's Jewellery Shop.
  2129 | D:3      | Found a bloodstained altar of Trog.
  2164 | D:3      | Found a white marble altar of Elyvilon.
  2270 | D:3      | Found Oril Hia's Assorted Antiques.
  2285 | D:3      | Bought a scroll labelled DOCZI WIARHYID for 21 gold pieces
  2444 | D:3      | Found Orik's Armour Shoppe.
  2743 | D:4      | Noticed a black bear
  2761 | D:4      | Found a shimmering altar of Xom.
  2764 | D:4      | Killed a black bear
  2765 | D:4      | Reached XP level 6. HP: 32/32 MP: 3/9
  3016 | D:4      | Found a glowing golden altar of the Shining One.
  3126 | D:4      | Found a radiant altar of Vehumet.
  3314 | D:4      | Found an ornate altar of the Wu Jian Council.
  3546 | D:4      | Reached XP level 7. HP: 36/36 MP: 5/10
  3743 | D:4      | Became a worshipper of Vehumet
  3793 | D:5      | Entered Level 5 of the Dungeon
  4038 | D:5      | Reached skill level 10 in Earth Magic
  4076 | D:5      | Reached skill level 1 in Fighting
  4076 | D:5      | Reached skill level 1 in Summonings
  4134 | D:5      | Learned a level 3 spell: Stone Arrow
  4172 | D:5      | Reached XP level 8. HP: 28/44 MP: 5/12
  5023 | D:3      | Bought a scroll of silence for 95 gold pieces
  5023 | D:3      | Bought a scroll of amnesia for 40 gold pieces
  5023 | D:3      | Bought a scroll of enchant armour for 75 gold pieces
  5199 | D:6      | Noticed Grinder
  5254 | D:6      | Killed Grinder
  5254 | D:6      | Reached * piety under Vehumet
  5254 | D:6      | Offered knowledge of Shock by Vehumet.
  5255 | D:6      | Reached XP level 9. HP: 52/52 MP: 12/15
  5312 | D:6      | Found Baoguf Bukh's Weapon Boutique.
  5522 | D:6      | Identified the -1 tower shield of the Furies {rCorr}
  5551 | D:6      | Found a runed translucent door.
  5552 | D:6      | Noticed Crazy Yiuf
  5887 | D:6      | Killed Crazy Yiuf
  6185 | D:7      | Reached skill level 5 in Fighting
  6412 | D:7      | Noticed a two-headed ogre
  6422 | D:7      | Killed a two-headed ogre
  6423 | D:7      | Reached skill level 5 in Spellcasting
  6467 | D:7      | Found a shadowy altar of Dithmenos.
  6601 | D:7      | Found a staircase to the Ecumenical Temple.
  6787 | D:7      | Found a basalt altar of Yredelemnul.
  7049 | D:8      | Reached skill level 5 in Summonings
  7049 | D:8      | Reached XP level 10. HP: 60/60 MP: 15/18
  7199 | D:8      | Noticed Pikel
  7211 | D:8      | Killed Pikel
  7290 | D:8      | Found a hide-covered altar of Uskayaw.
  7434 | D:8      | Noticed Erica
  7441 | D:8      | Killed Erica
  7778 | D:8      | Noticed Grum
  7790 | D:8      | Killed Grum
  7910 | D:8      | Found a burning altar of Makhleb.
  8064 | D:9      | Reached ** piety under Vehumet
  8072 | D:9      | Offered knowledge of Freeze by Vehumet.
  8271 | D:9      | Noticed a kobold demonologist
  8281 | D:9      | Noticed a smoke demon
  8283 | D:9      | Killed a kobold demonologist
  8431 | D:9      | Found a stormy altar of Qazlal.
  8523 | D:9      | Reached XP level 11. HP: 56/67 MP: 17/22
  8525 | D:9      | Offered knowledge of Dazzling Flash by Vehumet.
  8633 | D:9      | Noticed Maurice
  8655 | D:9      | Killed Maurice
  9120 | D:10     | Entered Level 10 of the Dungeon
  9184 | D:10     | Found Ugeilak's Weapon Shop.
  9453 | D:10     | Found a staircase to the Lair.
  9457 | D:10     | Reached *** piety under Vehumet
  9599 | D:10     | Reached skill level 1 in Shields
  9953 | D:10     | Offered knowledge of Frozen Ramparts by Vehumet.
 10397 | D:11     | Noticed a two-headed ogre
 10427 | D:11     | Killed a two-headed ogre
 10446 | D:11     | Noticed a cyclops
 10458 | D:11     | Killed a cyclops
 11217 | D:12     | Reached XP level 12. HP: 76/76 MP: 21/24
 11336 | D:12     | Reached **** piety under Vehumet
 11480 | D:12     | Noticed a two-headed ogre
 11486 | D:12     | Killed a two-headed ogre
 11487 | D:12     | Reached skill level 5 in Shields
 11515 | D:12     | Offered knowledge of Lightning Bolt by Vehumet.
 11828 | D:12     | Identified 2 scrolls of acquirement
 11917 | D:12     | Found a staircase to the Orcish Mines.
 11965 | D:12     | Reached skill level 10 in Fighting
 12302 | Lair:1   | Entered Level 1 of the Lair of Beasts
 12449 | Lair:1   | Learned a level 4 spell: Petrify
 12608 | Lair:1   | Reached ***** piety under Vehumet
 12820 | Lair:1   | Found a runed translucent door.
 12862 | Lair:1   | Noticed Iniclolu's ghost (journeyman DsWn)
 12964 | Lair:1   | Offered knowledge of Arcjolt by Vehumet.
 13451 | Lair:1   | Acquired 722 gold pieces
 13453 | Lair:1   | Acquired 671 gold pieces
 13486 | Lair:2   | Noticed a seven-headed hydra
 13491 | Lair:2   | Killed a seven-headed hydra
 13492 | Lair:2   | Reached skill level 10 in Spellcasting
 13492 | Lair:2   | Reached skill level 1 in Conjurations
 13671 | Lair:2   | Noticed Maggie
 13678 | Lair:2   | Killed Maggie
 13799 | Lair:2   | Noticed a seven-headed hydra
 13905 | Lair:2   | Killed a seven-headed hydra
 13906 | Lair:2   | Reached XP level 13. HP: 84/84 MP: 27/27
 14048 | Lair:2   | Identified the +7 dagger of Inquiry {speed, rPois rC+
                  | Str+4}
 14460 | Lair:2   | Reached skill level 10 in Summonings
 14642 | Lair:2   | Reached skill level 1 in Transmutations
 14801 | Lair:2   | Reached skill level 1 in Evocations
 14908 | Lair:2   | Found the +3 pair of seven-league boots {Rampage+∞}
 15067 | Lair:3   | Found a staircase to the Snake Pit.
 15299 | Lair:3   | Noticed Tohisesh's ghost (journeyman OpEE)
 15776 | Lair:3   | Found a transporter.
 15787 | Lair:3   | Found a bloodstained altar of Trog.
 15787 | Lair:3   | Identified the +1 war axe "Witiggots" {venom, Int+3}
 15793 | Lair:3   | Found a transporter.
 16041 | Lair:3   | Noticed Sonja
 16047 | Lair:3   | Killed Sonja
 16137 | Lair:3   | Found a staircase to the Shoals.
 16263 | Lair:4   | Noticed Nessos
 16273 | Lair:4   | Killed Nessos
 16455 | Lair:4   | Found a frozen archway.
 16456 | Lair:4   | Noticed an ice dragon
 16467 | Lair:4   | Killed an ice dragon
 16518 | IceCv    | Entered an ice cave
 16675 | IceCv    | Found a transporter.
 16689 | IceCv    | Found a transporter.
 16709 | IceCv    | Acquired the amulet of the Swan {Reflect Rampage rC+ SH+5}
 17072 | Lair:4   | Learned a level 8 spell: Lehudib's Crystal Spear
 17558 | Lair:4   | Reached skill level 5 in Conjurations
 17680 | Lair:4   | Gained mutation: Your large and strong wings let you fly.
                  | [Gargoyle growth]
 17680 | Lair:4   | Reached XP level 14. HP: 75/92 MP: 28/28
 17785 | Lair:4   | Noticed Kirke
 17901 | Lair:4   | Killed Kirke
 18323 | Lair:5   | Entered Level 5 of the Lair of Beasts
 19005 | Lair:5   | Identified the ring of Toggaa {rF+ MP+9}
 19377 | Lair:5   | Reached skill level 10 in Shields
 19401 | Lair:5   | Offered knowledge of Ozocubu's Refrigeration by Vehumet.
 19841 | Lair:5   | Reached skill level 5 in Evocations
 20145 | Lair:5   | Found a runed translucent door.
 20146 | Lair:5   | Noticed an acid blob
 20171 | Lair:5   | Found a staircase to the Slime Pits.
 20679 | Lair:5   | Reached skill level 5 in Transmutations
 21337 | Orc:1    | Entered Level 1 of the Orcish Mines
 21351 | Orc:1    | Noticed Nergalle
 21361 | Orc:1    | Killed Nergalle
 21388 | Orc:1    | Noticed an orc warlord
 21396 | Orc:1    | Killed an orc warlord
 21423 | Orc:1    | Offered knowledge of Yara's Violent Unravelling by Vehumet.
 21743 | Orc:1    | Reached XP level 15. HP: 96/96 MP: 30/30
 22226 | Orc:2    | Entered Level 2 of the Orcish Mines
 22226 | Orc:2    | Found Gyrata's Antique Weapon Shop.
 22230 | Orc:2    | Bought a polished quarterstaff for 270 gold pieces
 22230 | Orc:2    | Identified the +4 quarterstaff "Uraim" {speed, *Rage rC+
                  | rN+ rCorr} (You bought it in a shop on level 2 of the
                  | Orcish Mines)
 22234 | Orc:2    | Found a radiant altar of Vehumet.
 22438 | Orc:2    | Found a staircase to the Elven Halls.
 22721 | Orc:2    | Found Mungusi's Magic Scroll Boutique.
 22721 | Orc:2    | Found Ydicum's Weapon Shoppe.
 22721 | Orc:2    | Found Awukhauj's Armour Emporium.
 22724 | Orc:2    | Found Zedepses's Antique Armour Shop.
 22857 | Orc:2    | Noticed an orc warlord
 22869 | Orc:2    | Killed an orc warlord
 23241 | Orc:2    | Noticed Josephine
 23636 | Orc:2    | Killed Josephine
 23918 | Orc:2    | Bought a scroll of identify for 32 gold pieces
 23918 | Orc:2    | Bought a scroll of identify for 32 gold pieces
 23918 | Orc:2    | Bought a scroll of identify for 32 gold pieces
 23918 | Orc:2    | Bought a scroll of identify for 32 gold pieces
 23918 | Orc:2    | Bought a scroll of summoning for 152 gold pieces
 23925 | Orc:2    | Bought a +0 kite shield of reflection for 153 gold pieces
 24762 | D:13     | Offered knowledge of Iron Shot by Vehumet.
 24770 | D:13     | Learned a level 6 spell: Iron Shot
 25919 | D:14     | Found a gate to the Vaults.
 26660 | D:14     | Noticed Jorgrun
 26669 | D:14     | Killed Jorgrun
 26786 | D:14     | Found a hide-covered altar of Uskayaw.
 27499 | D:15     | Entered Level 15 of the Dungeon
 27772 | D:15     | Reached XP level 16. HP: 103/103 MP: 24/32
 28469 | D:15     | Found a staircase to the Depths.
 28492 | D:15     | Found Keorch's Jewellery Emporium.
 28546 | D:15     | Learned a level 5 spell: Borgnjor's Vile Clutch
 28675 | D:15     | Reached skill level 15 in Earth Magic
 29112 | Snake:1  | Entered Level 1 of the Snake Pit
 30749 | Snake:1  | Identified the +1 robe of the Snake Pit {rPois Will- Regen+
                  | rCorr}
 30974 | Snake:1  | Offered knowledge of Lee's Rapid Deconstruction by Vehumet.
 30981 | Snake:1  | Learned a level 5 spell: Lee's Rapid Deconstruction
 31578 | Snake:2  | Found an ornate altar of the Wu Jian Council.
 31596 | Snake:2  | Noticed a nagaraja
 31600 | Snake:2  | Killed a nagaraja
 32120 | Snake:2  | Found Arugihak's Book Boutique.
 32310 | Snake:2  | Noticed Azrael
 32315 | Snake:2  | Killed Azrael
 32467 | Snake:2  | Found Etopt's Jewellery Emporium.
 33027 | Snake:3  | Noticed a nagaraja
 33030 | Snake:3  | Killed a nagaraja
 33449 | Snake:4  | Entered Level 4 of the Snake Pit
 33538 | Snake:4  | Reached XP level 17. HP: 86/110 MP: 30/34
 33909 | Snake:4  | Offered knowledge of Iskenderun's Battlesphere by Vehumet.
 34687 | Snake:4  | Noticed Nikola
 34692 | Snake:4  | Killed Nikola
 34692 | Snake:4  | Reached ****** piety under Vehumet
 36397 | Snake:4  | Offered knowledge of Spellforged Servitor by Vehumet.
 36423 | Snake:4  | Learned a level 7 spell: Spellforged Servitor
 36675 | Snake:4  | Reached skill level 10 in Conjurations
 36682 | Snake:4  | Reached XP level 18. HP: 116/116 MP: 2/36
 36861 | Snake:4  | Got a serpentine rune of Zot
 37230 | Lair:1   | Killed Iniclolu's ghost
 37233 | Lair:1   | Identified the +5 great sword "Oria" {freeze, Str+2}
 37655 | D:13     | Identified the +1 ring mail of Dyspraxia {rN+ Str+2 Int+4}
 37902 | D:3      | Bought the +0 cloak of the Eleven Tables {rPois Stlth+} for
                  | 203 gold pieces
 38146 | Shoals:1 | Entered Level 1 of the Shoals
 38152 | Shoals:1 | Upgraded the game from 0.30-a0-612-g150a0467c1 to
                  | 0.30-a0-618-gd6c86c23d0
 38191 | Shoals:1 | Reached skill level 1 in Fire Magic
 38731 | Shoals:1 | Noticed Louise
 38745 | Shoals:1 | Killed Louise
 39837 | Shoals:2 | Noticed Frances
 39847 | Shoals:1 | Killed Frances
 40429 | Shoals:2 | Found a runed translucent door.
 40429 | Shoals:2 | Noticed LightUpTheStage's ghost (adept MiBe)
 41095 | Shoals:2 | Offered knowledge of Shatter by Vehumet.
 41095 | Shoals:2 | Offered knowledge of Ignition by Vehumet.
 41095 | Shoals:2 | Offered knowledge of Maxwell's Capacitive Coupling by
                  | Vehumet.
 41391 | Shoals:2 | Noticed Polyphemus
 41414 | Shoals:2 | Killed Polyphemus
 41926 | Shoals:2 | Killed LightUpTheStage's ghost
 42023 | Shoals:2 | Identified the +1 shortbow "Amnur" {freeze, rPois rN+
                  | Dex+3}
 42958 | Shoals:3 | Noticed Bai Suzhen
 43144 | Shoals:3 | Killed Bai Suzhen
 43145 | Shoals:3 | Reached XP level 19. HP: 121/121 MP: 26/37
 43597 | Shoals:4 | Entered Level 4 of the Shoals
 43597 | Shoals:4 | Noticed Aizul
 43639 | Shoals:4 | Killed Aizul
 43718 | Shoals:4 | Reached skill level 15 in Spellcasting
 43987 | Shoals:4 | Reached skill level 5 in Fire Magic
 45204 | Shoals:4 | Got the Folio of Shaping
 45207 | Shoals:4 | Got a barnacled rune of Zot
 45284 | Shoals:4 | Reached skill level 10 in Transmutations
 45443 | Shoals:4 | Identified the ring of Piub {Drain rElec rF- Dex+6 Stlth+}
 45835 | D:10     | Learned a level 9 spell: Shatter
 46167 | Lair:3   | Killed Tohisesh's ghost
 46395 | Lair:3   | Upgraded the game from 0.30-a0-618-gd6c86c23d0 to
                  | 0.30-a0-622-gddc90eaa04
 46570 | Vaults:1 | Entered Level 1 of the Vaults
 46611 | Vaults:1 | Noticed Agnes
 46618 | Vaults:1 | Killed Agnes
 46866 | Vaults:1 | Found Feess's Book Emporium.
 46935 | Vaults:1 | Found Mufosch's Assorted Antiques.
 47123 | Vaults:1 | Found Heecod's Book Shoppe.
 47775 | Vaults:1 | Noticed Frederick
 47790 | Vaults:1 | Killed Frederick
 47867 | Vaults:1 | Found Atohuupt's Antique Weapon Boutique.
 47893 | Vaults:1 | Found Ypsotwaef's Weapon Shop.
 48074 | Vaults:1 | Reached XP level 20. HP: 117/127 MP: 29/39
 49650 | Vaults:2 | Found a large runed translucent door.
 49650 | Vaults:2 | Found a large runed translucent door.
 49650 | Vaults:2 | Noticed Athor's ghost (adept FoGl)
 50441 | Vaults:2 | Found a staircase to the Crypt.
 50506 | Vaults:2 | Found the +3 hat of Pondering {ponderous, Will+ MP+10
                  | Int+5}
 50663 | Vaults:2 | Killed Athor's ghost
 50887 | Vaults:3 | Found a flickering gateway to a bazaar.
 50893 | Bazaar   | Entered a bazaar
 50893 | Bazaar   | Found Sofaireo's General Store.
 50893 | Bazaar   | Found Kupn's Distillery.
 50893 | Bazaar   | Found Ditiodis's Distillery.
 50893 | Bazaar   | Found Azxi's Book Shoppe.
 51042 | Bazaar   | Found Gigalef's Assorted Antiques.
 51077 | Bazaar   | Bought a potion of resistance for 160 gold pieces
 51077 | Bazaar   | Bought a potion of heal wounds for 80 gold pieces
 51077 | Bazaar   | Bought a potion of heal wounds for 80 gold pieces
 51077 | Bazaar   | Bought a potion of haste for 160 gold pieces
 51077 | Bazaar   | Bought a potion of haste for 160 gold pieces
 51088 | Bazaar   | Bought a potion of heal wounds for 55 gold pieces
 51635 | Vaults:3 | Found Baotimit's Armour Shop.
 52216 | Elf:1    | Entered Level 1 of the Elven Halls
 52298 | Elf:1    | Reached XP level 21. HP: 112/133 MP: 24/40
 52747 | Elf:1    | Got the Spellbook of Bolts
 52832 | Elf:1    | Reached skill level 15 in Fighting
 52867 | Elf:1    | Found Haggy's Book Shoppe.
 53880 | Elf:2    | Found Jucaer's Jewellery Shoppe.
 53881 | Elf:2    | Found Erapruev's Book Shop.
 53881 | Elf:2    | Found Ypriasma's Book Shop.
 53902 | Elf:2    | Bought a manual of Earth Magic for 1360 gold pieces
 54557 | Elf:2    | Found a runed translucent gate.
 54558 | Elf:2    | Found a runed translucent gate.
 54558 | Elf:2    | Found a runed translucent gate.
 55095 | Elf:3    | Entered Level 3 of the Elven Halls
 55112 | Elf:3    | Reached skill level 10 in Fire Magic
 55358 | Elf:3    | Identified the +5 broad axe of the Poles {freeze, rC+
                  | Will+++ Str-4}
 55673 | Elf:3    | Identified the +5 hand axe of Inference {flame, rElec rC+}
 55693 | Elf:3    | Identified the +7 plate armour of the Camelopard {Str+4}
 55739 | Elf:3    | Identified the +7 dagger of Execution {freeze, +Blink rC-
                  | SInv Stlth+}
 55956 | Elf:3    | Reached XP level 22. HP: 141/141 MP: 39/42
 56224 | Elf:3    | Got Onejiawe's Cyclopedia of Topological Feathers
 56415 | Elf:3    | Got the Catalogue of Electrocution
 56480 | Elf:3    | Found a runed translucent door.
 56481 | Elf:3    | Found a shimmering altar of Xom.
 56481 | Elf:3    | Noticed DEFE's ghost (adept DsWn)
 56567 | Elf:3    | Killed DEFE's ghost
 56585 | Elf:3    | Identified the +1 ring mail of Space {Dex+3}
 57239 | Vaults:3 | Upgraded the game from 0.30-a0-622-gddc90eaa04 to
                  | 0.30-a0-629-gd54f4be4f7
 57239 | Vaults:3 | Upgraded the game from 0.30-a0-629-gd54f4be4f7 to
                  | 0.30-a0-632-g346586fe48
 57381 | Vaults:4 | Reached skill level 1 in Necromancy
 58132 | Vaults:4 | Noticed Saint Roka
 58143 | Vaults:4 | Killed Saint Roka
 59256 | Vaults:5 | Entered Level 5 of the Vaults
 59261 | Vaults:5 | Reached skill level 27 in Earth Magic
 59265 | Vaults:5 | Noticed a golden dragon
 59546 | Vaults:4 | Killed a golden dragon
 59737 | Vaults:5 | Reached XP level 23. HP: 98/148 MP: 43/43
 59737 | Vaults:5 | Noticed a golden dragon
 59986 | Vaults:5 | Reached skill level 1 in Armour
 60428 | Vaults:5 | Killed a golden dragon
 61342 | Vaults:5 | Noticed an ancient lich
 61348 | Vaults:5 | Killed an ancient lich
 61483 | Vaults:5 | Noticed a dread lich
 61485 | Vaults:5 | Reached skill level 5 in Armour
 61485 | Vaults:5 | Killed a dread lich
 62021 | Vaults:5 | Found Miapnaaz's Antique Armour Shoppe.
 62060 | Vaults:5 | Found Quhaifott's Antique Armour Shoppe.
 62316 | Vaults:5 | Got a silver rune of Zot
 63078 | Depths:1 | Entered Level 1 of the Depths
 63095 | Depths:1 | Found a one-way gate leading to the halls of Pandemonium.
 63550 | Depths:1 | Found a one-way gate to the infinite horrors of the Abyss.
 63668 | Depths:1 | Found a gateway to Hell.
 63901 | Depths:1 | Found a sacrificial altar of Ru.
 63999 | Depths:2 | Reached XP level 24. HP: 160/160 MP: 41/44
 64196 | Depths:2 | Found a portal to a secret trove of treasure.
 64236 | Depths:2 | Noticed the Enchantress
 64243 | Depths:2 | Killed the Enchantress
 64496 | Depths:2 | Found a one-way gateway to a ziggurat.
 64615 | Depths:2 | Reached skill level 10 in Armour
 65794 | Depths:2 | Identified the ring "Syskoono" {rF+ rN+}
 66140 | Depths:2 | Identified the +3 great mace "Killer Bee's Regret" {freeze,
                  | +Blink rElec}
 66677 | D:3      | Bought the +12 halberd "Dajuum" {flame, *Rage rCorr Int+6
                  | SInv} for 1134 gold pieces
 66967 | Depths:2 | You paid a toll of the halberd "Dajuum" to enter a treasure
                  | trove
 66968 | Trove    | Entered a treasure trove
 66999 | Trove    | Identified the +5 scale mail "Xycoddin" {Contam rC+++}
 67022 | Trove    | Identified the amulet of Beplan {Reflect rN+ Str+3 Int-3
                  | SH+5}
 67024 | Trove    | Identified the ring "Hadaor" {Will+ AC+4 Int-3 Dex+2}
 67246 | Depths:2 | Reached XP level 25. HP: 168/168 MP: 45/45
 67755 | Depths:3 | Reached skill level 15 in Armour
 67910 | Depths:3 | Identified the +5 quarterstaff "Jutes" {heavy, rElec rPois
                  | Str-4}
 69161 | Vaults:3 | Bought a +1 pair of gloves of strength for 198 gold pieces
 69448 | Depths:4 | Entered Level 4 of the Depths
 69450 | Depths:4 | Found Ywot's Mass Market.
 69948 | Depths:4 | Reached XP level 26. HP: 174/174 MP: 45/45
 70276 | Depths:4 | Identified the +7 scimitar of Death's Door {venom, Stlth+}
 71473 | Depths:4 | Found a gate to the Realm of Zot.
 71801 | Vaults:1 | Bought a book of Annihilations for 1200 gold pieces
 71815 | Vaults:1 | Upgraded the game from 0.30-a0-632-g346586fe48 to
                  | 0.30-a0-634-g8abc85282e
 72002 | Depths:1 | Voluntarily entered the Abyss.
 72151 | Abyss:2  | Found a corrupted altar of Lugonu.
 72198 | Abyss:2  | Found a corrupted altar of Lugonu.
 72200 | Abyss:2  | Found a corrupted altar of Lugonu.
 72203 | Abyss:2  | Found a corrupted altar of Lugonu.
 72203 | Abyss:2  | Found a corrupted altar of Lugonu.
 72720 | Abyss:2  | Noticed a dread lich
 72754 | Abyss:2  | Killed a dread lich
 72758 | Depths:1 | Escaped the Abyss
 72980 | Depths:1 | Voluntarily entered the Abyss.
 73009 | Abyss:3  | Found a corrupted altar of Lugonu.
 73162 | Abyss:4  | Reached skill level 15 in Fire Magic
 73282 | Depths:1 | Escaped the Abyss
 73429 | Depths:1 | Voluntarily entered the Abyss.
 73548 | Depths:1 | Escaped the Abyss
 73701 | Depths:1 | Voluntarily entered the Abyss.
 73862 | Abyss:4  | Reached XP level 27. HP: 179/179 MP: 14/46
 73872 | Depths:1 | Escaped the Abyss
 74014 | Depths:1 | Voluntarily entered the Abyss.
 74158 | Depths:1 | Escaped the Abyss
 74452 | Depths:1 | Voluntarily entered the Abyss.
 74460 | Abyss:5  | Found a bloodstained altar of Trog.
 74493 | Abyss:5  | Noticed a dread lich
 74496 | Abyss:5  | Killed a dread lich
 74508 | Abyss:5  | Found a bloodstained altar of Trog.
 74542 | Abyss:5  | Got an abyssal rune of Zot
 74552 | Depths:1 | Escaped the Abyss
 75056 | Slime:1  | Entered Level 1 of the Pits of Slime
 75640 | Slime:1  | Reached skill level 5 in Dodging
 76245 | Slime:2  | Gained mutation: You occasionally lose the ability to drink
                  | potions when taking damage. [a shining eye]
 77208 | Slime:1  | Gained mutation: You sometimes lose the ability to drink
                  | potions when taking damage. [a shining eye]
 77209 | Slime:1  | Gained mutation: You are occasionally teleported next to
                  | monsters. [a shining eye]
 77212 | Slime:1  | Gained mutation: Your body sometimes deteriorates upon
                  | taking damage. [a shining eye]
 77540 | Slime:2  | Lost mutation: Your body sometimes deteriorates upon taking
                  | damage. [potion of mutation]
 77540 | Slime:2  | Lost mutation: You are occasionally teleported next to
                  | monsters. [potion of mutation]
 77540 | Slime:2  | Gained mutation: You do not regenerate when monsters are
                  | visible. [potion of mutation]
 77540 | Slime:2  | Gained mutation: You occasionally shout uncontrollably at
                  | your foes. [potion of mutation]
 77541 | Slime:2  | Lost mutation: You sometimes lose the ability to drink
                  | potions when taking damage. [potion of mutation]
 77541 | Slime:2  | Lost mutation: You do not regenerate when monsters are
                  | visible. [potion of mutation]
 77541 | Slime:2  | Gained mutation: Your body sometimes deteriorates upon
                  | taking damage. [potion of mutation]
 77541 | Slime:2  | Gained mutation: You have hidden genetic defects. [potion
                  | of mutation]
 77541 | Slime:2  | Gained mutation: You sometimes lose your temper in combat.
                  | [potion of mutation]
 77541 | Slime:2  | Gained mutation: You expend magic power (3 MP) to
                  | strengthen your wands. [potion of mutation]
 77542 | Slime:2  | Lost mutation: You occasionally shout uncontrollably at
                  | your foes. [potion of mutation]
 77542 | Slime:2  | Lost mutation: You occasionally lose the ability to drink
                  | potions when taking damage. [potion of mutation]
 77542 | Slime:2  | Gained mutation: Your flesh is cold resistant. (rC+)
                  | [potion of mutation]
 77542 | Slime:2  | Gained mutation: Your flesh is very cold resistant. (rC++)
                  | [potion of mutation]
 77543 | Slime:2  | Lost mutation: You sometimes lose your temper in combat.
                  | [potion of mutation]
 77543 | Slime:2  | Lost mutation: You expend magic power (3 MP) to strengthen
                  | your wands. [potion of mutation]
 77543 | Slime:2  | Gained mutation: You have a pair of small antennae on your
                  | head. [potion of mutation]
 77543 | Slime:2  | Gained mutation: Your mind is acute. (Int +4, Str/Dex -1)
                  | [potion of mutation]
 77544 | Slime:2  | Lost mutation: You have hidden genetic defects. [potion of
                  | mutation]
 77544 | Slime:2  | Lost mutation: Your body sometimes deteriorates upon taking
                  | damage. [potion of mutation]
 77544 | Slime:2  | Lost mutation: Your mind is acute. (Int +4, Str/Dex -1)
                  | [potion of mutation]
 77544 | Slime:2  | Gained mutation: You are strong-willed. (Will+) [potion of
                  | mutation]
 77544 | Slime:2  | Lost mutation: Your flesh is very cold resistant. (rC++)
                  | [potion of mutation]
 77544 | Slime:2  | Gained mutation: You have hidden genetic potential. [potion
                  | of mutation]
 79129 | Slime:3  | Gained mutation: You are frail. (-10% HP) [a shining eye]
 79842 | Slime:5  | Entered Level 5 of the Pits of Slime
 80226 | Slime:5  | Noticed the Royal Jelly
 80722 | Slime:5  | Gained mutation: You are very frail. (-20% HP) [a shining
                  | eye]
 80816 | Slime:5  | Found a viscous altar of Jiyva.
 81659 | Slime:5  | Killed the Royal Jelly
 82070 | Slime:5  | Found the +8 whip "Snakebite" {venom, curare, rPois}
 82104 | Slime:5  | Identified the +3 falchion of Annihilation {drain, rN+}
 82134 | Slime:5  | Got Ranliniwn's Vademecum on Attendants
 82140 | Slime:5  | Identified the ring "Ucaiwn" {*Corrode rElec rPois Int+7
                  | Dex+6}
 82162 | Slime:5  | Got the Writings on Austromancy and Hexes
 82184 | Slime:5  | Identified the +8 eveningstar of Dust {flame, *Corrode
                  | Fragile rElec rN+++}
 82257 | Slime:5  | Got a slimy rune of Zot
 82891 | Depths:1 | Learned a level 8 spell: Ignition
 82927 | Hell     | Entered the Vestibule of Hell
 82927 | Hell     | Noticed Geryon
 82933 | Hell     | Killed Geryon
 83147 | Zot:1    | Entered Level 1 of the Realm of Zot
 83691 | Zot:1    | Noticed an orb of fire
 83701 | Zot:1    | Killed an orb of fire
 84669 | Depths:1 | Voluntarily entered the Abyss.
 84702 | Depths:1 | Escaped the Abyss
 85245 | Hell     | Noticed Murray
 85459 | Hell     | Killed Murray
 85791 | Hell     | Found a gateway to the ashen valley of Gehenna.
 86029 | Hell     | Found a gateway to the Iron City of Dis.
 86127 | Hell     | Gained mutation: Your spells are a little harder to cast,
                  | but a little more powerful. [hidden potential]
 86152 | Hell     | Found a gateway to the freezing wastes of Cocytus.
 86219 | Hell     | Found a gateway to the decaying netherworld of Tartarus.
 87076 | Coc:1    | Entered Level 1 of Cocytus
 87701 | Coc:2    | Reached skill level 10 in Dodging
 89177 | Coc:5    | Paralysed by a wendigo for 1 turns
 90439 | Coc:7    | Entered Level 7 of Cocytus
 90533 | Coc:7    | Noticed a dread lich
 90538 | Coc:7    | Killed a dread lich
 90684 | Coc:7    | Paralysed by a wendigo for 1 turns
 90708 | Coc:7    | Lost mutation: You are very frail. (-20% HP) [hidden
                  | potential]
 90708 | Coc:7    | Lost mutation: You have hidden genetic potential. [hidden
                  | potential expressed]
 91004 | Coc:7    | Paralysed by a wendigo for 1 turns
 91097 | Coc:7    | Paralysed by a wendigo for 1 turns
 91180 | Coc:7    | Paralysed by a wendigo for 1 turns
 91275 | Coc:7    | Identified the +8 demon whip of the Supporting Gods {venom,
                  | rPois rF+ Str+2}
 91767 | Coc:7    | Noticed Antaeus
 91800 | Coc:7    | Paralysed by a wendigo for 1 turns
 91802 | Coc:7    | Killed Antaeus
 91814 | Coc:7    | Paralysed by a wendigo for 1 turns
 92545 | Coc:7    | Paralysed by a wendigo for 1 turns
 92975 | Coc:7    | Identified the +11 shortbow of Checks and Balances {freeze,
                  | Stlth+}
 92990 | Coc:7    | Identified the ring of Onethey {rN+ Will+ Str+6 Int-2}
 93076 | Coc:7    | Identified the +0 mace "Nuolamep" {spect, Fly Str+4 Int+3}
 93084 | Coc:7    | Got an icy rune of Zot
 93249 | Tar:1    | Entered Level 1 of Tartarus
 93253 | Tar:1    | Upgraded the game from 0.30-a0-634-g8abc85282e to
                  | 0.30-a0-637-gacddeb6d44
 95648 | Tar:5    | Reached skill level 1 in Axes
 95660 | Tar:5    | Reached skill level 27 in Spellcasting
 96076 | Tar:6    | Noticed an ancient lich
 96099 | Tar:6    | Killed an ancient lich
 96252 | Tar:6    | Reached skill level 5 in Axes
 96402 | Tar:6    | Noticed an ancient lich
 96422 | Tar:6    | Killed an ancient lich
 96425 | Tar:6    | Noticed an ancient lich
 96434 | Tar:6    | Noticed an ancient lich
 96436 | Tar:6    | Killed an ancient lich
 96436 | Tar:6    | Noticed a dread lich
 96446 | Tar:6    | Noticed a dread lich
 96449 | Tar:6    | Noticed an ancient lich
 96451 | Tar:6    | Paralysed by a dread lich for 4 turns
 96456 | Tar:6    | Killed a dread lich
 96456 | Tar:6    | Killed a dread lich
 96456 | Tar:6    | Killed an ancient lich
 96456 | Tar:6    | Killed an ancient lich
 96616 | Tar:6    | Noticed an ancient lich
 96621 | Tar:6    | Killed an ancient lich
 96815 | Tar:7    | Entered Level 7 of Tartarus
 97302 | Vaults:5 | Bought the +0 mask of the Dragon {Will+ Slay+3 SInv} for
                  | 1336 gold pieces
 97302 | Vaults:5 | Found the +0 mask of the Dragon {Will+ Slay+3 SInv}
 97385 | Crypt:1  | Entered Level 1 of the Crypt
 97462 | Crypt:1  | Found a magical portal.
 97474 | WizLab   | Entered Maxwell's Workshop
 97624 | WizLab   | Identified the ring of the Enemy {Ice *Slow rN+ SInv}
 98122 | WizLab   | Found the -2 hat of the Alchemist {rElec rPois rF+ rC+ rN+
                  | Will+ rMut rCorr}
 98153 | WizLab   | Identified the +7 sling of Qafokkab {drain, Str-5 Dex+6}
 98719 | Vaults:1 | Bought an iridescent short sword for 216 gold pieces
 98719 | Vaults:1 | Identified the +8 short sword of the Turnip {pain, rElec
                  | rC- Dex+4} (You bought it in a shop on level 1 of the
                  | Vaults)
 98719 | Vaults:1 | Bought a potion of resistance for 270 gold pieces
 98841 | Orc:2    | Bought a crystal morningstar for 270 gold pieces
 98841 | Orc:2    | Identified the +6 morningstar of Luxury {freeze, *Rage rF+
                  | Will+++ SInv} (You bought it in a shop on level 2 of the
                  | Orcish Mines)
 99249 | Crypt:1  | Reached skill level 5 in Stealth
 99341 | Crypt:1  | Found a transporter.
 99366 | Crypt:1  | Noticed Nuh Ema's ghost (veteran HuVM)
 99379 | Crypt:1  | Found a transporter.
 99647 | Crypt:1  | Killed Nuh Ema's ghost
 99651 | Crypt:1  | Identified the amulet of Dishonour {Faith Fly rF+}
100871 | Crypt:3  | Entered Level 3 of the Crypt
101209 | Crypt:3  | Found a runed translucent gate.
101211 | Crypt:3  | Found an opulent altar of Gozag.
101211 | Crypt:3  | Identified the ring "Joisaple" {Drain rPois rN+ Str+6
                  | Int+4}
101212 | Crypt:3  | Found a runed translucent gate.
101212 | Crypt:3  | Found a runed translucent gate.
101212 | Crypt:3  | Noticed Vikohomu's ghost (veteran VSSu)
101216 | Crypt:3  | Identified the ring "Domiz" {rPois rN+ rCorr}
101291 | Crypt:3  | Killed Vikohomu's ghost
101298 | Crypt:3  | Reached skill level 15 in Conjurations
101442 | Crypt:3  | Found Ukodiut's Assorted Antiques.
101442 | Crypt:3  | Found Vizevor's Assorted Antiques.
101459 | Crypt:3  | Bought a scroll of blinking for 217 gold pieces
101459 | Crypt:3  | Bought a scroll of summoning for 275 gold pieces
101477 | Crypt:3  | Noticed a dread lich
101488 | Crypt:3  | Reached skill level 10 in Stealth
101488 | Crypt:3  | Killed a dread lich
101497 | Crypt:3  | Noticed a dread lich
101503 | Crypt:3  | Reached skill level 10 in Evocations
101505 | Crypt:3  | Killed a dread lich
101681 | Crypt:3  | Got the Treatise on Soot and Trauma
101687 | Crypt:3  | Identified the +10 glaive of Xupeag {freeze, rPois Int+2}
101984 | Crypt:3  | Found a staircase to the Tomb.
102060 | Tomb:1   | Entered Level 1 of the Tomb of the Ancients
102827 | Tomb:1   | Noticed a royal mummy
102843 | Tomb:1   | Killed a royal mummy
103384 | Tomb:1   | Noticed a royal mummy
103388 | Tomb:1   | Killed a royal mummy
103524 | Tomb:1   | Noticed a royal mummy
103526 | Tomb:1   | Noticed a royal mummy
103529 | Tomb:1   | Noticed a royal mummy
103530 | Tomb:1   | Killed a royal mummy
103532 | Tomb:1   | Killed a royal mummy
103534 | Tomb:1   | Killed a royal mummy
103703 | Tomb:1   | Noticed a royal mummy
103710 | Tomb:1   | Noticed a royal mummy
103711 | Tomb:1   | Killed a royal mummy
103715 | Tomb:1   | Killed a royal mummy
103998 | Tomb:1   | Noticed a royal mummy
104004 | Tomb:1   | Killed a royal mummy
104009 | Tomb:1   | Noticed a royal mummy
104015 | Tomb:1   | Killed a royal mummy
104019 | Tomb:1   | Noticed a royal mummy
104026 | Tomb:1   | Killed a royal mummy
104300 | Tomb:1   | Noticed a royal mummy
104303 | Tomb:1   | Noticed a royal mummy
104305 | Tomb:1   | Noticed a royal mummy
104307 | Tomb:1   | Killed a royal mummy
104308 | Tomb:1   | Killed a royal mummy
104310 | Tomb:1   | Killed a royal mummy
104313 | Tomb:1   | Noticed a royal mummy
104318 | Tomb:1   | Killed a royal mummy
104332 | Tomb:1   | Noticed a royal mummy
104335 | Tomb:1   | Killed a royal mummy
104839 | Geh:1    | Entered Level 1 of Gehenna
104846 | Geh:1    | Reached skill level 15 in Stealth
105149 | Geh:1    | You are sucked into a shaft and drop 1 floor!
106794 | Geh:7    | Entered Level 7 of Gehenna
109050 | Geh:7    | Identified the +5 broad axe of Prudence {elec, Will+
                  | Stlth+}
109222 | Geh:7    | Found the +7 sceptre of Asmodeus
109222 | Geh:7    | Noticed Asmodeus
109273 | Geh:7    | Killed Asmodeus
109334 | Geh:7    | Got the Vellum of Glaciation and the Charnel House
109348 | Geh:7    | Identified the +7 buckler "Elaafusy" {rElec rN+ Str+2
                  | Int+2}
109349 | Geh:7    | Identified the +0 ring mail of Angun {Str+4}
109365 | Geh:7    | Identified the ring of Muraly {rPois AC+4}
109378 | Geh:7    | Got an obsidian rune of Zot
109638 | Dis:1    | Entered Level 1 of the Iron City of Dis
109686 | Dis:1    | Reached skill level 15 in Shields
109960 | Dis:2    | Reached skill level 5 in Necromancy
110003 | Dis:2    | Noticed a dread lich
110005 | Dis:2    | Killed a dread lich
110502 | Dis:4    | Noticed a juggernaut
110507 | Dis:4    | Killed a juggernaut
110682 | Dis:4    | You are sucked into a shaft and drop 1 floor!
111168 | Dis:6    | Learned a level 2 spell: Blink
111605 | Dis:7    | Entered Level 7 of the Iron City of Dis
112264 | Dis:7    | Noticed a juggernaut
112268 | Dis:7    | Killed a juggernaut
112453 | Dis:7    | Reached skill level 15 in Evocations
112735 | Dis:7    | Identified the +3 chain mail "Jerghafeo" {Harm rElec Dex+3}
112736 | Dis:7    | Identified the +7 halberd "Qumy" {pain, rF++ rN+ Str-5
                  | Dex+3}
113248 | Dis:7    | Noticed a juggernaut
113254 | Dis:7    | Killed a juggernaut
113425 | Dis:7    | Noticed the Serpent of Hell
113444 | Dis:7    | Killed the Serpent of Hell
113811 | Dis:7    | Found the +4 staff of Dispater
113811 | Dis:7    | Noticed Dispater
113851 | Dis:7    | Noticed a juggernaut
113858 | Dis:7    | Killed a juggernaut
114227 | Dis:7    | Identified the +9 flail of the Cursing Priest {speed, rCorr
                  | Str-4 Stlth+}
114637 | Dis:7    | Killed Dispater
114665 | Dis:7    | Got an iron rune of Zot
115430 | Tar:7    | Noticed an ancient lich
115447 | Tar:7    | Killed an ancient lich
115492 | Tar:7    | Noticed an ancient lich
115496 | Tar:7    | Killed an ancient lich
115893 | Tar:7    | Got the Compilation of Blinking Electricity
115899 | Tar:7    | Learned a level 4 spell: Passage of Golubria
116413 | Tar:7    | Noticed an ancient lich
116418 | Tar:7    | Killed an ancient lich
116628 | Tar:7    | Noticed Ereshkigal
116640 | Tar:7    | Killed Ereshkigal
116754 | Tar:7    | Got a bone rune of Zot
117222 | Tar:7    | Identified the ring of Iwnaf Vimn {rElec rF+++ rC- rCorr
                  | Slay+4}
117504 | Tar:7    | Identified the ring of Myupp {rElec Will+}
117508 | Tar:7    | Identified the +6 mace "Busuoc" {pain, *Noise rPois Will+
                  | Str+5}
117510 | Tar:7    | Identified the +1 short sword of the Feeding Gods {flame,
                  | Int+5}
117820 | Tar:7    | Identified the +8 hand axe "Ritruajo" {drain, MP+9 Dex-3
                  | SInv Stlth+}
118010 | Pan      | Entered Pandemonium
118102 | Pan      | Found an exit through the horrors of the Abyss.
118291 | Pan      | Noticed Guitt the pandemonium lord
118299 | Pan      | Killed Guitt the pandemonium lord
119872 | Pan      | Noticed Aruimiagh the pandemonium lord
119901 | Pan      | Killed Aruimiagh the pandemonium lord
120681 | Pan      | Noticed Inebboom the pandemonium lord
120685 | Pan      | Lost mutation: Your spells are a little harder to cast, but
                  | a little more powerful. [a neqoxec]
120895 | Pan      | Killed Inebboom the pandemonium lord
121199 | Pan      | Identified the +2 scale mail of Eternal Vigilance {rF-
                  | rC+++ Str+5}
121441 | Pan      | Identified the +4 spear "Rirphivu" {vamp, Str+4}
122624 | Pan      | Noticed Bunkimp the pandemonium lord
122627 | Pan      | Killed Bunkimp the pandemonium lord
123580 | Pan      | Identified the +8 halberd of Internal Strife {venom, Int+4
                  | Stlth+}
123813 | Pan      | Found an exit through the horrors of the Abyss.
125105 | Pan      | Noticed Iffaorcha the pandemonium lord
125108 | Pan      | Reached skill level 1 in Translocations
125109 | Pan      | Killed Iffaorcha the pandemonium lord
125127 | Pan      | Got the Octavo of Shifting and Beckoning
125545 | Pan      | Noticed Gaekagah the pandemonium lord
125562 | Pan      | Killed Gaekagah the pandemonium lord
126414 | Pan      | Got a demonic rune of Zot
126417 | Pan      | Entered the realm of Gloorx Vloq.
126882 | Pan      | Noticed Gloorx Vloq
126893 | Pan      | Killed Gloorx Vloq
127599 | Pan      | Reached skill level 5 in Translocations
128061 | Pan      | Got a dark rune of Zot
128320 | Pan      | Noticed Guesal the pandemonium lord
128323 | Pan      | Killed Guesal the pandemonium lord
128732 | Pan      | Found an exit through the horrors of the Abyss.
128983 | Pan      | Gained mutation: Your spells are a little easier to cast,
                  | but a little less powerful. [a neqoxec]
129421 | Pan      | Noticed Vahiq the pandemonium lord
129449 | Pan      | Killed Vahiq the pandemonium lord
130126 | Pan      | Reached skill level 15 in Dodging
130828 | Pan      | Found an exit through the horrors of the Abyss.
131087 | Pan      | Entered the realm of Cerebov.
131649 | Pan      | Found the +6 sword of Cerebov {flame}
131649 | Pan      | Noticed Cerebov
131671 | Pan      | Identified the +5 morningstar "Peagiura" {flame, rPois rN+
                  | Int+3}
131681 | Pan      | Killed Cerebov
131974 | Pan      | Identified the +0 robe "Foseixke" {rElec rCorr Str+2}
132007 | Pan      | Got a fiery rune of Zot
132633 | Pan      | Identified the ring "Fiteoh" {Fire +Blink rPois Str+4
                  | Slay-3}
132654 | Pan      | Identified the ring of Hosaxte {Fly Int-2 Dex+3 Slay+4}
132662 | Pan      | Identified the +6 glaive "Death Rattle" {heavy, Str+4
                  | Int+2}
132731 | Pan      | Identified the +5 hand axe of Zenn {freeze, rF- Str+5}
132741 | Pan      | Identified the +1 long sword "Koirud" {antimagic, +Blink
                  | Will+++ Str-2 Dex-3}
132876 | Pan      | Identified the +7 sling of Umaskak {elec, rC+ rN+ MP+9
                  | SInv}
132907 | Pan      | Reached skill level 27 in Fire Magic
133024 | Pan      | Reached skill level 27 in Fighting
133329 | Pan      | Found an exit through the horrors of the Abyss.
133390 | Pan      | Reached skill level 10 in Necromancy
134601 | Pan      | Noticed Xexirphoe the pandemonium lord
134608 | Pan      | Killed Xexirphoe the pandemonium lord
135348 | Pan      | Noticed Oneut the pandemonium lord
135353 | Pan      | Killed Oneut the pandemonium lord
135776 | Pan      | Entered the realm of Mnoleg.
135882 | Pan      | Found an exit through the horrors of the Abyss.
136059 | Pan      | Gained mutation: You occasionally lose the ability to read
                  | scrolls when taking damage. [a neqoxec]
136067 | Pan      | Noticed Mnoleg
136102 | Pan      | Paralysed by a floating eye for 3 turns
136131 | Pan      | Killed Mnoleg
136146 | Pan      | Lost mutation: Your spells are a little easier to cast, but
                  | a little less powerful. [a shining eye]
136333 | Pan      | Gained mutation: You are dopey. (Int -2) [a cacodemon]
136801 | Pan      | Got a glowing rune of Zot
137086 | Pan      | Entered the realm of Lom Lobon.
137086 | Pan      | Noticed Lom Lobon
137603 | Pan      | Lost mutation: You have a pair of small antennae on your
                  | head. [potion of mutation]
137603 | Pan      | Lost mutation: You occasionally lose the ability to read
                  | scrolls when taking damage. [potion of mutation]
137603 | Pan      | Lost mutation: You are frail. (-10% HP) [potion of
                  | mutation]
137603 | Pan      | Gained mutation: You are agile. (Dex +4, Str/Int -1)
                  | [potion of mutation]
137603 | Pan      | Gained mutation: You possess an exceptional clarity of
                  | mind. [potion of mutation]
137609 | Pan      | Killed by an exploding ball lightning

Illustrated notes

Levels and vault maps discovered:
D:1:      dpeg_arrival_arbitrary_a, layout_rooms, serial_shops, shop_fountains,
          shapermc_ecumenical_altar_flowoftime, minmay_octomino_e4
D:2:      layout_loops_cross, uniq_natasha
D:3:      layout_basic, mainiacjoe_overflow_catch_the_wave, serial_shops,
          nicolae_shop_crystal, shop, nicolae_shop_hallway_plus, shop,
          nicolae_diamond_shop
D:4:      layout_loops_ring, mainiacjoe_overflow_alcove_4, tgw_xom,
          tso_metal_star, fiery_altar_vehumet
D:5:      layout_gridville, st_stairs_14, grunt_ministairs_5, minmay_bent
D:6:      layout_basic, serial_shops, nicolae_shop_statue_plus, uniq_grinder,
          uniq_crazy_yiuf_cottage
D:7:      layout_cave_pods, general_overflow_altar,
          mainiacjoe_overflow_tiny_flanked, minmay_temple_entry_glassed_door
D:8:      layout_loops_cross, lemuel_doored_altar, bloody_makhleb,
          hangedman_abyss_or_decor_stabs, uniq_pikel, uniq_grum, uniq_erica
D:9:      layout_cave_pools, mainiacjoe_overflow_small_starburst, uniq_maurice
D:10:     layout_irregular_city, minmay_lair_entry_grove,
          nicolae_take_the_stairs
D:11:     layout_loops_ring, serial_glass, glass_columns_b, glass_columns_a
D:12:     minmay_inner_zag, layout_small_grid, minmay_orc_entry_temple_small
D:13:     minmay_thinvault, layout_rooms, ice2_lemuel
D:14:     layout_basic, lightli_vaults_fourway_checkpoint,
          nicolae_uskayaw_dance_hall, uniq_jorgrun
D:15:     hangedman_depths_entry_civil_slaughter, layout_gridville,
          hangedman_decor_peaks_small, serial_shops, shop
Lair:1:   layout_cave_shapes, gammafunk_ghost_grave,
          chequers_serial_rivers_micro_e, kennysheep_rathole,
          grunt_megastairs_1, serial_bayou_shore_a
Lair:2:   layout_regular_city, st_stairs_10,
          hellmonk_guarded_unrand_seven_league_boots, uniq_maggie
Lair:3:   layout_gridlike, minmay_shoals_entry_hut, dummy_snake_entry,
          gammafunk_ghost_wrathful_warriors, infiniplex_staircase_pool,
          uniq_sonja
Lair:4:   layout_small_grid, portal_ice_cave_entry_animals_and_master,
          uniq_kirke, uniq_nessos
Lair:5:   minmay_lair_end_enchanted_forest, layout_long_grid, slime_entry_2,
          gammafunk_lair_bear_cave
Shoals:1: layout_shoals, argonaut_gorgonesque, uniq_louise
Shoals:2: layout_shoals, gammafunk_ghost_grave, uniq_frances, uniq_polyphemus
Shoals:3: layout_shoals, uniq_bai_suzhen
Shoals:4: shoals_end_hellmonk_lost_city, uniq_aizul
Snake:1:  layout_rooms, serial_bayou, serial_bayou_lagoon_a,
          serial_bayou_pond_a, serial_bayou_crossing, serial_bayou_pond_c
Snake:2:  layout_misc_corridors, basic_altar, serial_shops,
          nicolae_shop_crystal, minmay_shop_star, lemuel_fruit_tree, uniq_azrael
Snake:3:  layout_basic
Snake:4:  snake_pit_salamanders_mu, layout_rooms, grunt_megastairs_5,
          uniq_nikola
Slime:1:  layout_caves
Slime:2:  layout_caves
Slime:3:  layout_caves
Slime:4:  layout_caves
Slime:5
Orc:1:    layout_diamond_mine, mines1_david, uniq_nergalle
Orc:2:    st_orc_rangers, layout_diamond_mine, serial_shops,
          nicolae_shop_hallway_stairs, basic_altar, uniq_josephine
Elf:1:    minmay_elf_arrival_circle, layout_loops_corners, serial_shops, shop,
          serial_glass, glass_columns_a, glass_columns_a, minmay_elf_sorcery,
          nicolae_elf_free_trip_to_the_abyss
Elf:2:    nicolae_elf_blades_crystal_corner, layout_gridlike, minmay_shop_grove
Elf:3:    grunt_elf_hall_branching, layout_loops_cross, ebering_ghost_xom
Vaults:1: sword_in_stone, ontoclasm_vaults_eye, ontoclasm_vaults_bender,
          vaults_room_grunt_arrival_ludios, ontoclasm_vaults_decontamination,
          nicolae_vaults_ring_of_whatevers, vaults_dpeg_spiral,
          vaults_room_pool, vaults_room_grunt_arrival_checkpoint,
          ontoclasm_vaults_pinch, ontoclasm_vaults_loading_screen,
          hangedman_vaults_trim, vaults_mumra_minichess, layout_vaults_omnibox,
          serial_shops, shop, shop, nicolae_shop_bloodbath_and_beyond,
          nicolae_lakefront_shop, nicolae_shop_behind_doors
Vaults:2: advil_vaults_ghost_guards, minmay_crypt_entry_simple_statues,
          nicolae_vaults_little_squares_3, hangedman_vaults_trim,
          nicolae_vaults_circle_grid_a, nicolae_vaults_network_quinsquares
          [nicolae_vaults_network_quincunx_subvault,
          nicolae_vaults_network_quincunx_subvault,
          nicolae_vaults_network_quincunx_subvault,
          nicolae_vaults_network_quincunx_subvault], nicolae_vaults_rhombus_6,
          layout_vaults_omnigrid
Vaults:3: v_misc_12, nicolae_vaults_network_square, vaults_dpeg_cross,
          nicolae_vaults_angled_halls, v_misc_25, v_alt_pattern_3,
          layout_vaults_big_room, serial_shops, bzr_entry_safe, shop,
          uniq_frederick
Vaults:4: ontoclasm_vaults_chip, nicolae_vaults_little_squares_5,
          hangedman_vaults_nodes, hangedman_vaults_stretched_pinwheel,
          nicolae_vaults_triangles, v_misc_30, v_rooms_3, v_rooms_6,
          vaults_room_hallway, nicolae_vaults_little_squares_4, serial_ice_g,
          vaults_room_pool, layout_vaults_ring, uniq_saint_roka
Vaults:5
Crypt:1:  layout_misc_corridors, mu_enter_wizlab_4, gammafunk_ghost_arena,
          uniq_josephina
Crypt:2:  layout_gridlike, hex_intersection, serial_sigils_hangedman_scratch
Crypt:3:  david_glass_crypt, layout_rooms,
          nicolae_tomb_entry_unfolded_pyramid_orthogonal, ebering_ghost_gozag
Tomb:1
Depths:1: layout_basic, hell_entry, hangedman_abyss_entry_splay, pan_entry,
          st_stairs_5, nicolae_ru_awakened_eye
Depths:2: nicolae_hexawheel, layout_basic, enter_ziggurat_f,
          grunt_hell_entry_dis_grunt, hangedman_abyss_or_decor_stagger,
          grunt_pan_entry_zigzag, nicolae_trove_entry_path_of_doom,
          infiniplex_staircase_trident, uniq_grunn, uniq_enchantress
Depths:3: minmay_complete_graph, layout_gridlike, abyss_entry, hell_entry,
          drop_trap
Depths:4: grunt_zot_entry_gee_three, layout_cross, hell_entry,
          minmay_room_of_horrors, dk_noncrumbling_3, minmay_shop_mass,
          minmay_alternating_orb
Hell
Dis:1:    layout_overlapping_boxes
Dis:2:    layout_gridville, nicolae_dis_strange_trophy_room
Dis:3:    layout_subdivisions
Dis:4:    layout_subdivisions, nicolae_dis_step_into_the_octagon
Dis:5:    layout_jigsaw, nrook_loot_triangle
Dis:6:    layout_jigsaw
Dis:7:    dis_grunt_layers
Geh:1:    layout_gehenna_pools_triple, nicolae_hells_seeping_fissure
Geh:2:    layout_gehenna_pools_triple, nicolae_geh_lava_shack
Geh:3:    layout_gehenna_lava_caves
Geh:4:    layout_gehenna_lava_caves
Geh:5:    layout_gehenna_pools_basic
Geh:6:    layout_gehenna_pools_triple
Geh:7:    geh_mu
Coc:1:    layout_ice_bergs, nicolae_coc_statues_of_limitations
Coc:2:    nicolae_hells_giants_party, layout_cocytus_water_paths
Coc:3:    layout_ice_bergs
Coc:4:    layout_ice_bergs
Coc:5:    layout_ice_bergs
Coc:6:    layout_ice_bergs, nicolae_hells_seeping_fissure
Coc:7:    coc_hangedman
Tar:1:    layout_grid_maze, nicolae_tar_cuneiform_bread,
          nicolae_tar_cuneiform_water
Tar:2:    layout_catacombs
Tar:3:    layout_grid_maze
Tar:4:    layout_grid_maze
Tar:5:    layout_honeycomb, nicolae_tar_four_comb_rooms
Tar:6:    layout_honeycomb, nicolae_hells_leichenhalle
Tar:7:    tar_old
Zot:1:    layout_gridlike, hangedman_zot_diagonal_lockstep, zot_minivault_4
Pan:      grunt_pan_sceptre, layout_grid_shapes, pan_blood_fountain_2,
          grunt_pan_pentagram, layout_onion_city, nicolae_pan_mnolegish_2,
          evilmike_mini_pan_V, layout_basic, nicolae_pan_gloorx_vloqian_1,
          grunt_pan_pentagram, layout_onion_city, pan_blood_fountain_small,
          reaverb_pan_figure_eight, evilmike_mini_pan_pillars,
          layout_irregular_city, nicolae_pan_lom_lobonic_2, pan_captured_pigsty,
          evilmike_mini_pan_thingy, layout_gridlike, grunt_pan_sceptre,
          layout_cellular_growth, gloorx_vloq_st, layout_basic, rand_demon_2,
          layout_onion_city, evilmike_mini_pan_other_thingy,
          layout_cellular_growth, nicolae_pan_sigil_obb, evilmike_cerebov_lava,
          layout_long_grid, pan_blood_fountain, pan_blood_fountain_small,
          rand_demon_2, layout_small_grid, pan_blood_fountain, grunt_pan_zigzag,
          layout_gridlike, nicolae_pan_lom_lobonic_2,
          mnoleg_grunt_wretched_star, layout_irregular_city,
          nicolae_pan_sigil_uleosi, lom_lobon_grunt, layout_small_grid

Skill      XL: |  1  2  3  4  5  6  7  8  9 10 11 12 13 14 15 16 17 18 19 20 21 22 23 24 25 26 27 |
---------------+----------------------------------------------------------------------------------+-----
Earth Magic    | 4 5 6 8 9 10 11 12 14 16 18 19 21 23 25 27 | 27.0
Fighting       | 2 4 6 7 9 10 12 13 14 15 16 19 20 27 | 27.0
Summonings     | 1 3 5 7 8 9 10 11 12 | 12.0
Spellcasting   | 4 5 7 8 10 11 12 13 14 15 16 17 18 19 27 | 27.0
Shields        | 4 7 8 10 11 12 15 | 15.0
Conjurations   | 1 5 7 8 10 11 15 | 15.0
Transmutations | 3 5 6 7 8 9 10 11 | 11.9
Evocations     | 3 5 6 15 | 15.0
Fire Magic     | 4 7 9 10 11 12 15 27 | 27.0
Necromancy     | 4 12 | 12.1
Armour         | 8 12 15 17 | 17.3
Dodging        | 3 15 | 15.7
Axes           | 9 |  9.1
Stealth        | 21 | 21.9
Translocations | 8 |  8.0

Action                   |  1- 3 |  4- 6 |  7- 9 | 10-12 | 13-15 | 16-18 | 19-21 | 22-24 | 25-27 || total
-------------------------+-------+-------+-------+-------+-------+-------+-------+-------+-------++-------
Melee: Unarmed           |     9 |       |       |       |    10 |       |       |       |       ||    19
       Short sword       |    26 |     1 |       |       |       |       |       |       |       ||    27
       Flail             |       |       |    11 |       |       |       |       |       |       ||    11
       Trident           |       |       |       |     2 |       |       |       |       |       ||     2
       Staff             |       |       |       |       |    76 |    12 |    12 |       |       ||   100
       Broad axe         |       |       |       |       |       |       |       |     6 |   405 ||   411
       Morningstar       |       |       |       |       |       |       |       |       |    20 ||    20
 Cast: Sandblast         |    48 |    71 |   100 |   356 |   445 |   218 |   104 |    40 |   679 ||  2061
       Stone Arrow       |       |       |     7 |    61 |   514 |   555 |   239 |   190 |   331 ||  1897
       Petrify           |       |       |       |     1 |     1 |       |       |     3 |       ||     5
       Iron Shot         |       |       |       |       |    14 |    37 |    28 |       |       ||    79
       Borgnjor's Vile C |       |       |       |       |       |    71 |    30 |    51 |   222 ||   374
       Lee's Rapid Decon |       |       |       |       |       |     7 |    59 |    39 |   310 ||   415
       Spellforged Servi |       |       |       |       |       |    52 |   101 |    73 |   639 ||   865
       Shatter           |       |       |       |       |       |       |    28 |    59 |   154 ||   241
       Lehudib's Crystal |       |       |       |       |       |       |     9 |    35 |  1478 ||  1522
       Ignition          |       |       |       |       |       |       |       |       |   247 ||   247
Evoke: Wand              |       |       |       |     4 |    26 |     5 |     2 |       |    44 ||    81
       Phantom mirror    |       |       |       |       |       |       |       |       |     4 ||     4
       Horn of Geryon    |       |       |       |       |       |       |       |       |     1 ||     1
  Use: Scroll            |       |       |     5 |    12 |    21 |     4 |     5 |     3 |    32 ||    82
       Potion            |       |       |       |       |     3 |       |     3 |     1 |    34 ||    41
 Stab: Distracted        |       |       |       |       |       |       |       |     1 |     5 ||     6
Armor: Robe              |     9 |     8 |    33 |    82 |       |       |       |       |       ||   132
       Steam dragon scal |       |       |       |       |   360 |   239 |    89 |    59 |       ||   747
       Acid dragon scale |       |       |       |       |       |       |       |    40 |  1325 ||  1365
Dodge: Dodged            |    27 |    25 |    64 |   230 |   333 |   162 |    73 |    38 |   789 ||  1741
Block: Buckler           |       |       |       |       |    41 |       |       |       |       ||    41
       Kite shield       |       |       |       |       |   510 |   423 |   174 |   123 |  1734 ||  2964
       Reflection        |       |       |       |       |    71 |    89 |    71 |    13 |    61 ||   305
       Other             |       |       |       |       |     2 |       |       |       |       ||     2

Table legend: (Time is in decaauts)
 A = Elapsed time spent in this place.
 B = Non-inter-level travel time spent in this place.
 C = Inter-level travel time spent in this place.
 D = Time resting spent in this place.
 E = Time spent auto-exploring this place.
 F = Levels seen in this place.
 G = Mean time per level.
                   A        B        C        D        E       F      G
               +--------+--------+--------+--------+--------+-----+--------+
         Total | 141648 | 128434 |  13214 |  20607 |  70838 | 111 | 1276.1 |
       Dungeon |  21220 |  17169 |   4051 |    243 |  14299 |  15 | 1414.7 |
          Lair |  11869 |  10422 |   1447 |    406 |   7703 |   5 | 2373.8 |
        Shoals |   7673 |   7364 |    309 |    478 |   5611 |   4 | 1918.2 |
     Snake Pit |   6681 |   6287 |    394 |    585 |   4367 |   4 | 1670.2 |
    Slime Pits |   6967 |   6553 |    414 |   2548 |   1794 |   5 | 1393.4 |
  Orcish Mines |   2716 |   2376 |    340 |    123 |   1662 |   2 | 1358.0 |
   Elven Halls |   5023 |   4683 |    340 |    433 |   3185 |   3 | 1674.3 |
        Vaults |  13680 |  11057 |   2623 |   1407 |   6943 |   5 | 2736.0 |
         Crypt |   3386 |   3196 |    190 |    479 |   1864 |   3 | 1128.7 |
          Tomb |   2485 |   2383 |    102 |    988 |    220 |   1 | 2485.0 |
        Depths |  10695 |   9300 |   1395 |   2466 |   4847 |   4 | 2673.8 |
          Hell |   2042 |   1928 |    114 |    673 |    377 |   1 | 2042.0 |
           Dis |   5458 |   5180 |    278 |   1462 |   1706 |   7 |  779.7 |
       Gehenna |   4722 |   4222 |    500 |   1164 |   1000 |   7 |  674.6 |
       Cocytus |   6204 |   5951 |    253 |   2362 |   1309 |   7 |  886.3 |
      Tartarus |   6264 |   5837 |    427 |   1986 |   1239 |   7 |  894.9 |
           Zot |   1474 |   1444 |     30 |    322 |    570 |   1 | 1474.0 |
         Abyss |   1822 |   1822 |      0 |    266 |      0 |  11 |  165.6 |
   Pandemonium |  19634 |  19634 |      0 |   1685 |  11607 |  15 | 1308.9 |
        Bazaar |    212 |    212 |      0 |    147 |     36 |   1 |  212.0 |
         Trove |    287 |    287 |      0 |    145 |      0 |   1 |  287.0 |
      Ice Cave |    243 |    243 |      0 |    136 |      0 |   1 |  243.0 |
        Wizlab |    879 |    879 |      0 |    102 |    493 |   1 |  879.0 |
               +--------+--------+--------+--------+--------+-----+--------+

Top non-repeatable levels by time:
Vaults:4: 3820 daAuts
Depths:1: 3583 daAuts
   Dis:7: 3490 daAuts
 Snake:4: 3317 daAuts
  Lair:3: 3268 daAuts
Vaults:1: 3267 daAuts
Depths:2: 3160 daAuts
   Coc:7: 2820 daAuts
  Lair:5: 2806 daAuts
Vaults:2: 2805 daAuts
   Geh:7: 2733 daAuts
    D:14: 2648 daAuts
   Tar:7: 2559 daAuts
  Tomb:1: 2485 daAuts
Depths:4: 2350 daAuts
